Workbook
Name _2018_VolSum: #REF!
Name _2018_ЦС_затраты: #REF!
Name _2019_VolSum: #REF!
Name _2019_ЦС_затраты: #REF!
Name _2020_VolSum: #REF!
Name _2020_ЦС_затраты: #REF!
Name _2021_VolSum: #REF!
Name _2021_ЦС_затраты: #REF!
Name _4.ОБЕСПЕЧЕНИЕ__залог__заклад: #REF!
Name cash: #REF!
Name commonPlat: #REF!
Name CredAnother: #REF!
Name credRBR: #REF!
Name criteria: #REF!
Name curs: #REF!
Name Excel_BuiltIn_Print_Area_1: #REF!
Name Excel_BuiltIn_Print_Area_10: #REF!
Name Excel_BuiltIn_Print_Area_2: #REF!
Name Excel_BuiltIn_Print_Area_3: #REF!
Name Excel_BuiltIn_Print_Area_3_1: #REF!
Name Excel_BuiltIn_Print_Area_3_1_1: #REF!
Name Excel_BuiltIn_Print_Area_3_1_1_1: #REF!
Name Excel_BuiltIn_Print_Area_4: #REF!
Name Excel_BuiltIn_Print_Area_4_1: #REF!
Name Excel_BuiltIn_Print_Area_5: #REF!
Name Excel_BuiltIn_Print_Area_5_1: #REF!
Name Excel_BuiltIn_Print_Area_6: #REF!
Name Excel_BuiltIn_Print_Area_6_1: #REF!
Name Excel_BuiltIn_Print_Area_7: #REF!
Name Excel_BuiltIn_Print_Area_7_1: #REF!
Name Excel_BuiltIn_Print_Area_8: #REF!
Name Excel_BuiltIn_Print_Area_9: #REF!
Name Excel_BuiltIn_Print_Titles: #REF!
Name finsost: #REF!
Name FSS: #REF!
Name ispolz: #REF!
Name k4_1: #REF!
Name k4_10: #REF!
Name k4_11: #REF!
Name k4_2: #REF!
Name k4_3: #REF!
Name k4_4: #REF!
Name k4_5: #REF!
Name k4_6: #REF!
Name k4_7: #REF!
Name k4_8: #REF!
Name k4_9: #REF!
Name kk: #REF!
Name KOD: #REF!
Name Name: #REF!
Name prosr: #REF!
Name pureACT: #REF!
Name qq: #REF!
Name rate: #REF!
Name rentab: #REF!
Name result: #REF!
Name rr: #REF!
Name ssudaRestr: #REF!
Name stopper: #REF!
Name Total_VolSum: #REF!

Sheet Исходные данные
B1: Исходные данные (основные)
B3: Наименование | C3: Ед. измерения | D3: Значение | E3: Примечание
B4: Продолжительность проекта | C4: мес | D4: 71 | E4: Информацию согласовал с Заказчиком при последней встрече
B5: Продолжительность активной части СМР | C5: мес | D5: 60 | E5: Информацию согласовал с Заказчиком при последней встрече
B6: Параметр "Доля себестоимости от суммы дохода с продаж" | D6: 0.75
B7: Цена продажная за м2 | C7: руб | D7: ='Горизонталь поквартально'!E89 -> 140000 | E7: Информацию согласовал с Заказчиком при последней встрече
B8: СМР за м2 общей площади | C8: руб | D8: ='Горизонталь поквартально'!E90 -> 49500 | E8: Информацию согласовал с Заказчиком при последней встрече
B9: Сети, дороги и благоустройство | C9: % от суммы СМР | D9: 0.1 | E9: Информацию согласовал с Заказчиком при последней встрече
B10: Риелторские | C10: % от суммы продаж | D10: 0.03
B11: Маркетинг | C11: на лот | D11: 150000
B12: ПиР, а именно:
B13: Проектирование | C13: на м2 общей площади | D13: 800 | E13: Обычно проектирование дороже, но в этом проекте получили ком предложение на сумму намного меньшую, чем ожидали. Связано с однотипной конструкцией зданий и относительно большим объёмом проекта.
B14: Разрешительные | C14: руб | D14: 100000000
B15: Проценты банку + другие платежи банку | C15: % от суммы продаж | E15: находим самостоятельно
B16: Налоги | C16: % от суммы продаж | D16: 0 | E16: обнулил, т.к. на данной стадии расчёта производится более подробный расчёт
B17: Непредвиденные | C17: % от бюджета проекта | D17: 0.03
B18: АХР и прочие | C18: руб в месяц | D18: 1000000 | E18: Информацию согласовал с Заказчиком при последней встрече
B19: Исходные данные для расчёта банковского обслуживания и налоговой нагрузки
B21: Наименование | C21: Ед. измерения | D21: Значение | E21: Примечание
B22: Комиссия на открытие проектного финансирования | C22: % от суммы кредита | D22: 0.01
B23: Комиссия на банковское обслуживание | C23: % от суммы кредита | D23: 0.01
B24: Ставка налога на прибыль | C24: % от суммы прибыли | D24: 0.25
B25: Исходные данные для расчёта NPV
B27: Наименование | C27: Ед. измерения | D27: Значение | E27: Примечание
B28: Ставка дисконтирования | C28: % | D28: 0.2
B29: Исходные данные для корректировки налоговой нагрузки и суммы % по кредиту
B31: Наименование | C31: Ед. измерения | D31: Значение | E31: Примечание
B32: Корректировка налоговой нагрузки | C32: коэффициент | D32: 0.65935004
B33: Корректировка суммы % по кредиту | C33: коэффициент | D33: 1

Sheet ТЭП
B1: ТЭП
B3: Наименование | C3: Ед. измерения | D3: Значение | E3: Примечание
B4: Общая площадь всего | C4: м2 | D4: =D5/0.75 -> 133333.33
B5: Полезная площадь всего | C5: м2 | D5: 100000
B6: Этажность | C6: кол-во | D6: 4
B7: Коэффициент полезной площади | D7: 0.75
B8: Доля инвестора в % от "Полезная площадь всего" | C8: % | D8: 0.08
B9: Доля инвестора в м2 | C9: м2 | D9: =D5*D8 -> 8000 | E9: Согласовано на последнем совещании
B10: Наша доля в м2 полезной площади | C10: м2 | D10: =D5-D9 -> 92000
B11: Средний размер квартиры | C11: м2 | D11: 50 | E11: Согласовано на последнем совещании
B12: Расчётное кол-во наших лотов | C12: лот | D12: =D10/D11 -> 1840 | E12: Ориентиравался на средний размер лота = 50 м2
B14: Концепция | C14: недорогое жильё | E14: Согласовано на последнем совещании

Sheet Результат расчёта
B2: Основные данные о проекте | F2: Структура капитала
B3: Наименование | C3: Ед. измерения | D3: Значение | F3: Наименование | G3: Ед. измерения | H3: Значение | I3: Доля
B4: Доход | C4: руб | D4: ='Горизонталь поквартально'!E8 -> 12880000000 | F4: Собств.капитал | G4: ='Горизонталь поквартально'!D44 -> руб | H4: ='Горизонталь поквартально'!E44 -> 3.6624561e+08 | I4: =H4/$H$6 -> 0.041113541
B5: Расход | C5: руб | D5: ='Горизонталь поквартально'!E9 -> 9.6171223e+09 | F5: Банк | G5: ='Горизонталь поквартально'!D45 -> руб | H5: ='Горизонталь поквартально'!E45 -> 8.5419049e+09 | I5: =H5/$H$6 -> 0.95888646
B6: Прибыль (чистая) | C6: руб | D6: =D4-D5 -> 3.2628777e+09 | F6: ИТОГО | G6: ='Горизонталь поквартально'!D46 -> руб | H6: ='Горизонталь поквартально'!E46 -> 8.9081505e+09 | I6: =H6/$H$6 -> 1
B7: Рентабельность продаж | C7: % | D7: =D6/D4 -> 0.25332902
B8: Продолжительность проекта | C8: мес | D8: ='Исходные данные'!D4 -> 71
B9: Сроки возврата инвестиций | C9: мес | D9: ='Вспомогательная табл помесячно'!E33 -> 66
B11: Показатели эффективности | F11: Показатели эффективности на собственный капитал
B12: Наименование | C12: Ед. измерения | D12: Значение | F12: Наименование | G12: Ед. измерения | H12: Значение
B13: ='Горизонталь поквартально'!C49 -> Чистый денежный поток (CF) на весь период реализации проекта | C13: ='Горизонталь поквартально'!D49 -> руб | D13: ='Горизонталь поквартально'!E49 -> 3.2628777e+09 | F13: Чистый денежный поток (CF) | G13: ='Горизонталь поквартально'!D59 -> руб | H13: ='Горизонталь поквартально'!E59 -> 3.2628777e+09
B14: ='Горизонталь поквартально'!C50 -> Чистый денежный поток (CF) на период кредитования | C14: ='Горизонталь поквартально'!D50 -> руб | D14: ='Горизонталь поквартально'!E50 -> 3.3473259e+09 | F14: Чистая приведённая стоимость (NPV) | G14: ='Горизонталь поквартально'!D60 -> руб | H14: ='Горизонталь поквартально'!E60 -> 8.8112166e+08
B15: ='Горизонталь поквартально'!C51 -> Чистая приведённая стоимость (NPV) на весь период реализации проекта | C15: ='Горизонталь поквартально'!D51 -> руб | D15: ='Горизонталь поквартально'!E51 -> 1.6446325e+09 | F15: Чистая прибыль за месяц | G15: руб | H15: =H13/D8 -> 45956024
B16: ='Горизонталь поквартально'!C52 -> Чистая приведённая стоимость (NPV) на период кредитования | C16: ='Горизонталь поквартально'!D52 -> руб | D16: ='Горизонталь поквартально'!E52 -> 1.9078925e+09 | F16: Чистая прибыль за месяц с учётом стоимости денег | G16: руб | H16: =H14/D8 -> 12410164
B17: ='Горизонталь поквартально'!C53 -> Внутренняя норма доходности (IRR) на весь период реализации проекта | C17: ='Горизонталь поквартально'!D53 -> % | D17: ='Горизонталь поквартально'!E53 -> 1.2126388 | F17: Внутренняя норма доходности (IRR) | G17: ='Горизонталь поквартально'!D61 -> % | H17: ='Горизонталь поквартально'!E61 -> 0.4516923
B18: Коэффициент покрытия долга денежными потоками (LLCR) | D18: ='Горизонталь поквартально'!E54 -> 1.4271214 | F18: Индекс доходности (PI) отношение дисконтируемых денежных потоков от инвестиций к сумме инвестиций (NPV/I). I - вложения | H18: ='Горизонталь поквартально'!E62 -> 2.4058217
B19: Период окупаемости (PP) | C19: ='Горизонталь поквартально'!D55 -> квартал | D19: ='Горизонталь поквартально'!E55 -> 5 | F19: Период окупаемости (PP) | G19: ='Горизонталь поквартально'!D63 -> квартал | H19: ='Горизонталь поквартально'!E63 -> 22
B20: Дисконтируемый период окупаемости (DPP) | C20: ='Горизонталь поквартально'!D56 -> квартал | D20: ='Горизонталь поквартально'!E56 -> 5 | F20: Дисконтируемый период окупаемости (DPP) | G20: ='Горизонталь поквартально'!D64 -> квартал | H20: ='Горизонталь поквартально'!E64 -> 22

Sheet Вертикаль
A4: Расчёт проекта (Вариант 4)
A6: % от дохода | B6: Наименование | C6: Всего | D6: на м2 полезной площади. | E6: на м2 полезной площади без учёта инвесторских площадей
A8: =C8/$C$8 -> 1 | B8: Доход | C8: ='Горизонталь поквартально'!E8 -> 12880000000 | D8: =C8/ТЭП!$D$5 -> 128800 | E8: =C8/ТЭП!$D$10 -> 140000
A9: =C9/$C$8 -> 0.74667098 | B9: Расход, а именно: | C9: =C10+C14+C15+C16+C18+C21+C22+C23+C11+C17+C19+C20 -> 9.6171223e+09 | D9: =D10+D14+D15+D16+D18+D21+D22+D23+D11+D17+D19+D20 -> 96171.223 | E9: =E10+E14+E15+E16+E18+E21+E22+E23+E11+E17+E19+E20 -> 104533.94
A10: =C10/$C$8 -> 0 | B10: Земля | C10: ='Горизонталь поквартально'!E10 -> 0 | D10: =C10/ТЭП!$D$5 -> 0 | E10: =C10/ТЭП!$D$10 -> 0
A11: =C11/$C$8 -> 0.051428571 | B11: Маркетинг+Риелторские, а именно: | C11: ='Горизонталь поквартально'!E11 -> 6.624e+08 | D11: =C11/ТЭП!$D$5 -> 6624 | E11: =C11/ТЭП!$D$10 -> 7200
A12: =C12/$C$8 -> 0.03 | B12: Риелторские | C12: ='Горизонталь поквартально'!E12 -> 3.864e+08 | D12: =C12/ТЭП!$D$5 -> 3864 | E12: =C12/ТЭП!$D$10 -> 4200
A13: =C13/$C$8 -> 0.021428571 | B13: Маркетинг | C13: ='Горизонталь поквартально'!E13 -> 2.76e+08 | D13: =C13/ТЭП!$D$5 -> 2760 | E13: =C13/ТЭП!$D$10 -> 3000
A14: =C14/$C$8 -> 0.016045549 | B14: ПиР | C14: ='Горизонталь поквартально'!E14 -> 2.0666667e+08 | D14: =C14/ТЭП!$D$5 -> 2066.6667 | E14: =C14/ТЭП!$D$10 -> 2246.3768
A15: =C15/$C$8 -> 0 | B15: Подготовительные к СМР | C15: ='Горизонталь поквартально'!E15 -> 0 | D15: =C15/ТЭП!$D$5 -> 0 | E15: =C15/ТЭП!$D$10 -> 0
A16: =C16/$C$8 -> 0.51242236 | B16: СМР | C16: ='Горизонталь поквартально'!E16 -> 6.6e+09 | D16: =C16/ТЭП!$D$5 -> 66000 | E16: =C16/ТЭП!$D$10 -> 71739.13
A17: =C17/$C$8 -> 0.051242236 | B17: Сети, дороги и благоустройство | C17: ='Горизонталь поквартально'!E17 -> 6.6e+08 | D17: =C17/ТЭП!$D$5 -> 6600 | E17: =C17/ТЭП!$D$10 -> 7173.913
A18: =C18/$C$8 -> 0.024968761 | B18: Проценты банку | C18: ='Горизонталь поквартально'!E18 -> 3.2159765e+08 | D18: =C18/ТЭП!$D$5 -> 3215.9765 | E18: =C18/ТЭП!$D$10 -> 3495.6266
A19: =C19/$C$8 -> 0.0062755419 | B19: Комиссия за открытие проектного кредита | C19: ='Горизонталь поквартально'!E19 -> 80828980 | D19: =C19/ТЭП!$D$5 -> 808.2898 | E19: =C19/ТЭП!$D$10 -> 878.57587
A20: =C20/$C$8 -> 0.0062755419 | B20: Комиссия за банковское обслуживание | C20: ='Горизонталь поквартально'!E20 -> 80828980 | D20: =C20/ТЭП!$D$5 -> 808.2898 | E20: =C20/ТЭП!$D$10 -> 878.57587
A21: =C21/$C$8 -> 0.05 | B21: Налоги | C21: ='Горизонталь поквартально'!E21 -> 6.44e+08 | D21: =C21/ТЭП!$D$5 -> 6440 | E21: =C21/ТЭП!$D$10 -> 7000
... A23: =C23/$C$8 -> 0.0225 | B23: Непредвиденные | C23: ='Горизонталь поквартально'!E23 -> 289800000 | D23: =C23/ТЭП!$D$5 -> 2898 | E23: =C23/ТЭП!$D$10 -> 3150
A24: =C24/$C$8 -> 0.25332902 | B24: Прибыль | C24: =C8-C9 -> 3.2628777e+09 | D24: =D8-D9 -> 32628.777 | E24: =E8-E9 -> 35466.062
B25: Рентабельность продаж (прибыль/доход) | C25: =C24/C8 -> 0.25332902 | D25: =D24/D8 -> 0.25332902 | E25: =E24/E8 -> 0.25332902
B26: Рентабельность вложений (прибыль/себестоимость) | C26: =C24/C9 -> 0.33927797 | D26: =D24/D9 -> 0.33927797 | E26: =E24/E9 -> 0.33927797

Sheet Горизонталь поквартально
A4: Поквартальный расчёт проекта
A6: ПРОВЕРКА | C6: Наименование | E6: Всего
A7: ИТОГО по месяцам | B7: СРАВНЕНИЕ | D7: Ед изм | F7: 1 | G7: 2 | H7: 3 | I7: 4 | J7: 5 | K7: 6 | L7: 7 | M7: 8 | N7: 9 | O7: 10 | P7: 11 | Q7: 12 | R7: 13 | S7: 14 | T7: 15 | U7: 16 | V7: 17 | W7: 18 | X7: 19 | Y7: 20 | Z7: 21 | AA7: 22 | AB7: 23 | AC7: 24 | AD7: 25 | AE7: 26 | AF7: 27 | AG7: 28 | AH7: 29 | AI7: 30 | AJ7: 31 | AK7: 32 | AL7: 33 | AM7: 34 | AN7: 35 | AO7: 36 | AP7: 37 | AQ7: 38 | AR7: 39 | AS7: 40 | AT7: 41 | AU7: 42 | AV7: 43 | AW7: 44 | AX7: 45 | AY7: 46 | AZ7: 47 | BA7: 48 | BB7: 49 | BC7: 50 | BD7: 51 | BE7: 52 | BF7: 53 | BG7: 54 | BH7: 55 | BI7: 56 | BJ7: 57 | BK7: 58 | BL7: 59 | BM7: 60 | BN7: 61 | BO7: 62 | BP7: 63 | BQ7: 64 | BR7: 65 | BS7: 66 | BT7: 67 | BU7: 68 | BV7: 69 | BW7: 70
A8: =SUM(F8:BW8) -> 1.288e+10 | B8: =A8=E8 -> TRUE | C8: Доход | D8: руб | E8: ='Исходные данные'!D7*ТЭП!D10 -> 12880000000 | F8: =SUMIF('Вспомогательная табл помесячно'!$F$5:$BX$5,'Горизонталь поквартально'!F7,'Вспомогательная табл помесячно'!$F$8:$BX$8) -> 0 | G8: =SUMIF('Вспомогательная табл помесячно'!$F$5:$BX$5,'Горизонталь поквартально'!G7,'Вспомогательная табл помесячно'!$F$8:$BX$8) -> 0 | H8: =SUMIF('Вспомогательная табл помесячно'!$F$5:$BX$5,'Горизонталь поквартально'!H7,'Вспомогательная табл помесячно'!$F$8:$BX$8) -> 5.9446154e+08 | I8: =SUMIF('Вспомогательная табл помесячно'!$F$5:$BX$5,'Горизонталь поквартально'!I7,'Вспомогательная табл помесячно'!$F$8:$BX$8) -> 5.9446154e+08 | J8: =SUMIF('Вспомогательная табл помесячно'!$F$5:$BX$5,'Горизонталь поквартально'!J7,'Вспомогательная табл помесячно'!$F$8:$BX$8) -> 5.9446154e+08 | K8: =SUMIF('Вспомогательная табл помесячно'!$F$5:$BX$5,'Горизонталь поквартально'!K7,'Вспомогательная табл помесячно'!$F$8:$BX$8) -> 5.9446154e+08 | L8: =SUMIF('Вспомогательная табл помесячно'!$F$5:$BX$5,'Горизонталь поквартально'!L7,'Вспомогательная табл помесячно'!$F$8:$BX$8) -> 5.9446154e+08 | M8: =SUMIF('Вспомогательная табл помесячно'!$F$5:$BX$5,'Горизонталь поквартально'!M7,'Вспомогательная табл помесячно'!$F$8:$BX$8) -> 5.9446154e+08 | ... BW8: =SUMIF('Вспомогательная табл помесячно'!$F$5:$BX$5,'Горизонталь поквартально'!BW7,'Вспомогательная табл помесячно'!$F$8:$BX$8) -> 0
A9: =SUM(F9:BW9) -> 9.6171223e+09 | B9: =A9=E9 -> TRUE | C9: Расход, а именно: | D9: руб | E9: =E10+E14+E15+E16+E18+E21+E22+E23+E11+E17+E19+E20 -> 9.6171223e+09 | F9: =F10+F14+F15+F16+F18+F21+F22+F23+F11+F17+F19+F20 -> 1.2812281e+08 | G9: =G10+G14+G15+G16+G18+G21+G22+G23+G11+G17+G19+G20 -> 2.3812281e+08 | H9: =H10+H14+H15+H16+H18+H21+H22+H23+H11+H17+H19+H20 -> 5.8291343e+08 | I9: =I10+I14+I15+I16+I18+I21+I22+I23+I11+I17+I19+I20 -> 5.0804981e+08 | J9: =J10+J14+J15+J16+J18+J21+J22+J23+J11+J17+J19+J20 -> 4.2109517e+08 | K9: =K10+K14+K15+K16+K18+K21+K22+K23+K11+K17+K19+K20 -> 4.2175851e+08 | L9: =L10+L14+L15+L16+L18+L21+L22+L23+L11+L17+L19+L20 -> 4.1125066e+08 | ... BW9: =BW10+BW14+BW15+BW16+BW18+BW21+BW22+BW23+BW11+BW17+BW19+BW20 -> 0
A10: =SUM(F10:BW10) -> 0 | B10: =A10=E10 -> TRUE | C10: Земля | D10: руб | E10: =SUM(F10:BW10) -> 0 | F10: =SUMIF('Вспомогательная табл помесячно'!$F$5:$BX$5,'Горизонталь поквартально'!F7,'Вспомогательная табл помесячно'!$F$10:$BX$10) -> 0 | G10: =SUMIF('Вспомогательная табл помесячно'!$F$5:$BX$5,'Горизонталь поквартально'!G7,'Вспомогательная табл помесячно'!$F$10:$BX$10) -> 0 | H10: =SUMIF('Вспомогательная табл помесячно'!$F$5:$BX$5,'Горизонталь поквартально'!H7,'Вспомогательная табл помесячно'!$F$10:$BX$10) -> 0 | I10: =SUMIF('Вспомогательная табл помесячно'!$F$5:$BX$5,'Горизонталь поквартально'!I7,'Вспомогательная табл помесячно'!$F$10:$BX$10) -> 0 | J10: =SUMIF('Вспомогательная табл помесячно'!$F$5:$BX$5,'Горизонталь поквартально'!J7,'Вспомогательная табл помесячно'!$F$10:$BX$10) -> 0 | K10: =SUMIF('Вспомогательная табл помесячно'!$F$5:$BX$5,'Горизонталь поквартально'!K7,'Вспомогательная табл помесячно'!$F$10:$BX$10) -> 0 | L10: =SUMIF('Вспомогательная табл помесячно'!$F$5:$BX$5,'Горизонталь поквартально'!L7,'Вспомогательная табл помесячно'!$F$10:$BX$10) -> 0 | M10: =SUMIF('Вспомогательная табл помесячно'!$F$5:$BX$5,'Горизонталь поквартально'!M7,'Вспомогательная табл помесячно'!$F$10:$BX$10) -> 0 | ... BW10: =SUMIF('Вспомогательная табл помесячно'!$F$5:$BX$5,'Горизонталь поквартально'!BW7,'Вспомогательная табл помесячно'!$F$10:$BX$10) -> 0
A11: =SUM(F11:BW11) -> 6.624e+08 | B11: =A11=E11 -> TRUE | C11: Маркетинг+Риелторские, а именно: | D11: руб | E11: =SUM(F11:BW11) -> 6.624e+08 | F11: =F12+F13 -> 21789474 | G11: =G12+G13 -> 21789474 | H11: =H12+H13 -> 39623320 | I11: =I12+I13 -> 39623320 | J11: =J12+J13 -> 39623320 | K11: =K12+K13 -> 39623320 | L11: =L12+L13 -> 30969344 | M11: =M12+M13 -> 26642357 | ... BW11: =BW12+BW13 -> 0
A12: =SUM(F12:BW12) -> 3.864e+08 | B12: =A12=E12 -> TRUE | C12: Риелторские | D12: руб | E12: =SUM(F12:BW12) -> 3.864e+08 | F12: =SUMIF('Вспомогательная табл помесячно'!$F$5:$BX$5,'Горизонталь поквартально'!F7,'Вспомогательная табл помесячно'!$F$12:$BX$12) -> 0 | G12: =SUMIF('Вспомогательная табл помесячно'!$F$5:$BX$5,'Горизонталь поквартально'!G7,'Вспомогательная табл помесячно'!$F$12:$BX$12) -> 0 | H12: =SUMIF('Вспомогательная табл помесячно'!$F$5:$BX$5,'Горизонталь поквартально'!H7,'Вспомогательная табл помесячно'!$F$12:$BX$12) -> 17833846 | I12: =SUMIF('Вспомогательная табл помесячно'!$F$5:$BX$5,'Горизонталь поквартально'!I7,'Вспомогательная табл помесячно'!$F$12:$BX$12) -> 17833846 | J12: =SUMIF('Вспомогательная табл помесячно'!$F$5:$BX$5,'Горизонталь поквартально'!J7,'Вспомогательная табл помесячно'!$F$12:$BX$12) -> 17833846 | K12: =SUMIF('Вспомогательная табл помесячно'!$F$5:$BX$5,'Горизонталь поквартально'!K7,'Вспомогательная табл помесячно'!$F$12:$BX$12) -> 17833846 | L12: =SUMIF('Вспомогательная табл помесячно'!$F$5:$BX$5,'Горизонталь поквартально'!L7,'Вспомогательная табл помесячно'!$F$12:$BX$12) -> 17833846 | M12: =SUMIF('Вспомогательная табл помесячно'!$F$5:$BX$5,'Горизонталь поквартально'!M7,'Вспомогательная табл помесячно'!$F$12:$BX$12) -> 17833846 | ... BW12: =SUMIF('Вспомогательная табл помесячно'!$F$5:$BX$5,'Горизонталь поквартально'!BW7,'Вспомогательная табл помесячно'!$F$12:$BX$12) -> 0
A13: =SUM(F13:BW13) -> 2.76e+08 | B13: =A13=E13 -> TRUE | C13: Маркетинг | D13: руб | E13: =SUM(F13:BW13) -> 2.76e+08 | F13: =SUMIF('Вспомогательная табл помесячно'!$F$5:$BX$5,'Горизонталь поквартально'!F7,'Вспомогательная табл помесячно'!$F$13:$BX$13) -> 21789474 | G13: =SUMIF('Вспомогательная табл помесячно'!$F$5:$BX$5,'Горизонталь поквартально'!G7,'Вспомогательная табл помесячно'!$F$13:$BX$13) -> 21789474 | H13: =SUMIF('Вспомогательная табл помесячно'!$F$5:$BX$5,'Горизонталь поквартально'!H7,'Вспомогательная табл помесячно'!$F$13:$BX$13) -> 21789474 | I13: =SUMIF('Вспомогательная табл помесячно'!$F$5:$BX$5,'Горизонталь поквартально'!I7,'Вспомогательная табл помесячно'!$F$13:$BX$13) -> 21789474 | J13: =SUMIF('Вспомогательная табл помесячно'!$F$5:$BX$5,'Горизонталь поквартально'!J7,'Вспомогательная табл помесячно'!$F$13:$BX$13) -> 21789474 | K13: =SUMIF('Вспомогательная табл помесячно'!$F$5:$BX$5,'Горизонталь поквартально'!K7,'Вспомогательная табл помесячно'!$F$13:$BX$13) -> 21789474 | L13: =SUMIF('Вспомогательная табл помесячно'!$F$5:$BX$5,'Горизонталь поквартально'!L7,'Вспомогательная табл помесячно'!$F$13:$BX$13) -> 13135498 | M13: =SUMIF('Вспомогательная табл помесячно'!$F$5:$BX$5,'Горизонталь поквартально'!M7,'Вспомогательная табл помесячно'!$F$13:$BX$13) -> 8808510.6 | ... BW13: =SUMIF('Вспомогательная табл помесячно'!$F$5:$BX$5,'Горизонталь поквартально'!BW7,'Вспомогательная табл помесячно'!$F$13:$BX$13) -> 0
A14: =SUM(F14:BW14) -> 2.0666667e+08 | B14: =A14=E14 -> TRUE | C14: ПиР | D14: руб | E14: =SUM(F14:BW14) -> 2.0666667e+08 | F14: =SUMIF('Вспомогательная табл помесячно'!$F$5:$BX$5,'Горизонталь поквартально'!F7,'Вспомогательная табл помесячно'!$F$14:$BX$14) -> 1.0333333e+08 | G14: =SUMIF('Вспомогательная табл помесячно'!$F$5:$BX$5,'Горизонталь поквартально'!G7,'Вспомогательная табл помесячно'!$F$14:$BX$14) -> 1.0333333e+08 | H14: =SUMIF('Вспомогательная табл помесячно'!$F$5:$BX$5,'Горизонталь поквартально'!H7,'Вспомогательная табл помесячно'!$F$14:$BX$14) -> 0 | I14: =SUMIF('Вспомогательная табл помесячно'!$F$5:$BX$5,'Горизонталь поквартально'!I7,'Вспомогательная табл помесячно'!$F$14:$BX$14) -> 0 | J14: =SUMIF('Вспомогательная табл помесячно'!$F$5:$BX$5,'Горизонталь поквартально'!J7,'Вспомогательная табл помесячно'!$F$14:$BX$14) -> 0 | K14: =SUMIF('Вспомогательная табл помесячно'!$F$5:$BX$5,'Горизонталь поквартально'!K7,'Вспомогательная табл помесячно'!$F$14:$BX$14) -> 0 | L14: =SUMIF('Вспомогательная табл помесячно'!$F$5:$BX$5,'Горизонталь поквартально'!L7,'Вспомогательная табл помесячно'!$F$14:$BX$14) -> 0 | M14: =SUMIF('Вспомогательная табл помесячно'!$F$5:$BX$5,'Горизонталь поквартально'!M7,'Вспомогательная табл помесячно'!$F$14:$BX$14) -> 0 | ... BW14: =SUMIF('Вспомогательная табл помесячно'!$F$5:$BX$5,'Горизонталь поквартально'!BW7,'Вспомогательная табл помесячно'!$F$14:$BX$14) -> 0
A15: =SUM(F15:BW15) -> 0 | B15: =A15=E15 -> TRUE | C15: Подготовительные к СМР | D15: руб | E15: =SUM(F15:BW15) -> 0 | F15: =SUMIF('Вспомогательная табл помесячно'!$F$5:$BX$5,'Горизонталь поквартально'!F7,'Вспомогательная табл помесячно'!$F$15:$BX$15) -> 0 | G15: =SUMIF('Вспомогательная табл помесячно'!$F$5:$BX$5,'Горизонталь поквартально'!G7,'Вспомогательная табл помесячно'!$F$15:$BX$15) -> 0 | H15: =SUMIF('Вспомогательная табл помесячно'!$F$5:$BX$5,'Горизонталь поквартально'!H7,'Вспомогательная табл помесячно'!$F$15:$BX$15) -> 0 | I15: =SUMIF('Вспомогательная табл помесячно'!$F$5:$BX$5,'Горизонталь поквартально'!I7,'Вспомогательная табл помесячно'!$F$15:$BX$15) -> 0 | J15: =SUMIF('Вспомогательная табл помесячно'!$F$5:$BX$5,'Горизонталь поквартально'!J7,'Вспомогательная табл помесячно'!$F$15:$BX$15) -> 0 | K15: =SUMIF('Вспомогательная табл помесячно'!$F$5:$BX$5,'Горизонталь поквартально'!K7,'Вспомогательная табл помесячно'!$F$15:$BX$15) -> 0 | L15: =SUMIF('Вспомогательная табл помесячно'!$F$5:$BX$5,'Горизонталь поквартально'!L7,'Вспомогательная табл помесячно'!$F$15:$BX$15) -> 0 | M15: =SUMIF('Вспомогательная табл помесячно'!$F$5:$BX$5,'Горизонталь поквартально'!M7,'Вспомогательная табл помесячно'!$F$15:$BX$15) -> 0 | ... BW15: =SUMIF('Вспомогательная табл помесячно'!$F$5:$BX$5,'Горизонталь поквартально'!BW7,'Вспомогательная табл помесячно'!$F$15:$BX$15) -> 0
A16: =SUM(F16:BW16) -> 6.6e+09 | B16: =A16=E16 -> TRUE | C16: СМР | D16: руб | E16: =SUM(F16:BW16) -> 6.6e+09 | F16: =SUMIF('Вспомогательная табл помесячно'!$F$5:$BX$5,'Горизонталь поквартально'!F7,'Вспомогательная табл помесячно'!$F$16:$BX$16) -> 0 | G16: =SUMIF('Вспомогательная табл помесячно'!$F$5:$BX$5,'Горизонталь поквартально'!G7,'Вспомогательная табл помесячно'!$F$16:$BX$16) -> 0 | H16: =SUMIF('Вспомогательная табл помесячно'!$F$5:$BX$5,'Горизонталь поквартально'!H7,'Вспомогательная табл помесячно'!$F$16:$BX$16) -> 3.3e+08 | I16: =SUMIF('Вспомогательная табл помесячно'!$F$5:$BX$5,'Горизонталь поквартально'!I7,'Вспомогательная табл помесячно'!$F$16:$BX$16) -> 3.3e+08 | J16: =SUMIF('Вспомогательная табл помесячно'!$F$5:$BX$5,'Горизонталь поквартально'!J7,'Вспомогательная табл помесячно'!$F$16:$BX$16) -> 3.3e+08 | K16: =SUMIF('Вспомогательная табл помесячно'!$F$5:$BX$5,'Горизонталь поквартально'!K7,'Вспомогательная табл помесячно'!$F$16:$BX$16) -> 3.3e+08 | L16: =SUMIF('Вспомогательная табл помесячно'!$F$5:$BX$5,'Горизонталь поквартально'!L7,'Вспомогательная табл помесячно'!$F$16:$BX$16) -> 3.3e+08 | M16: =SUMIF('Вспомогательная табл помесячно'!$F$5:$BX$5,'Горизонталь поквартально'!M7,'Вспомогательная табл помесячно'!$F$16:$BX$16) -> 3.3e+08 | ... BW16: =SUMIF('Вспомогательная табл помесячно'!$F$5:$BX$5,'Горизонталь поквартально'!BW7,'Вспомогательная табл помесячно'!$F$16:$BX$16) -> 0
A17: =SUM(F17:BW17) -> 6.6e+08 | B17: =A17=E17 -> TRUE | C17: Сети, дороги и благоустройство | D17: руб | E17: =SUM(F17:BW17) -> 6.6e+08 | F17: =SUMIF('Вспомогательная табл помесячно'!$F$5:$BX$5,'Горизонталь поквартально'!F7,'Вспомогательная табл помесячно'!$F$17:$BX$17) -> 0 | G17: =SUMIF('Вспомогательная табл помесячно'!$F$5:$BX$5,'Горизонталь поквартально'!G7,'Вспомогательная табл помесячно'!$F$17:$BX$17) -> 1.1e+08 | H17: =SUMIF('Вспомогательная табл помесячно'!$F$5:$BX$5,'Горизонталь поквартально'!H7,'Вспомогательная табл помесячно'!$F$17:$BX$17) -> 1.1e+08 | I17: =SUMIF('Вспомогательная табл помесячно'!$F$5:$BX$5,'Горизонталь поквартально'!I7,'Вспомогательная табл помесячно'!$F$17:$BX$17) -> 1.1e+08 | J17: =SUMIF('Вспомогательная табл помесячно'!$F$5:$BX$5,'Горизонталь поквартально'!J7,'Вспомогательная табл помесячно'!$F$17:$BX$17) -> 18000000 | K17: =SUMIF('Вспомогательная табл помесячно'!$F$5:$BX$5,'Горизонталь поквартально'!K7,'Вспомогательная табл помесячно'!$F$17:$BX$17) -> 18000000 | L17: =SUMIF('Вспомогательная табл помесячно'!$F$5:$BX$5,'Горизонталь поквартально'!L7,'Вспомогательная табл помесячно'!$F$17:$BX$17) -> 18000000 | M17: =SUMIF('Вспомогательная табл помесячно'!$F$5:$BX$5,'Горизонталь поквартально'!M7,'Вспомогательная табл помесячно'!$F$17:$BX$17) -> 18000000 | ... BW17: =SUMIF('Вспомогательная табл помесячно'!$F$5:$BX$5,'Горизонталь поквартально'!BW7,'Вспомогательная табл помесячно'!$F$17:$BX$17) -> 0
A18: =SUM(F18:BW18) -> 3.2159765e+08 | B18: =A18=E18 -> TRUE | C18: Проценты банку | D18: руб | E18: =SUM(F18:BW18) -> 3.2159765e+08 | F18: 0 | G18: 0 | H18: 0 | I18: =H111*H118/4*'Исходные данные'!$D$33 -> 5965359.8 | J18: =I111*I118/4*'Исходные данные'!$D$33 -> 11930720 | K18: =J111*J118/4*'Исходные данные'!$D$33 -> 12594060 | L18: =K111*K118/4*'Исходные данные'!$D$33 -> 10826720 | M18: =L111*L118/4*'Исходные данные'!$D$33 -> 13205476 | N18: =M111*M118/4*'Исходные данные'!$D$33 -> 15558270 | O18: =N111*N118/4*'Исходные данные'!$D$33 -> 17911064 | P18: =O111*O118/4*'Исходные данные'!$D$33 -> 20263858 | ... AB18: =AA111*AA118/4*'Исходные данные'!$D$33 -> 24248694 | AC18: 0 | AD18: 0 | AE18: 0 | AF18: 0 | AG18: 0 | AH18: 0 | AI18: 0 | AJ18: 0 | AK18: 0 | AL18: 0 | AM18: 0 | AN18: 0 | AO18: 0 | AP18: 0 | AQ18: 0 | AR18: 0 | AS18: 0 | AT18: 0 | AU18: 0 | AV18: 0 | AW18: 0 | AX18: 0 | AY18: 0 | AZ18: 0 | BA18: 0 | BB18: 0 | BC18: 0 | BD18: 0 | BE18: 0 | BF18: 0 | BG18: 0 | BH18: 0 | BI18: 0 | BJ18: 0 | BK18: 0 | BL18: 0 | BM18: 0 | BN18: 0 | BO18: 0 | BP18: 0 | BQ18: 0 | BR18: 0 | BS18: 0 | BT18: 0 | BU18: 0 | BV18: 0 | BW18: 0
A19: =SUM(F19:BW19) -> 80828980 | B19: =A19=E19 -> TRUE | C19: Комиссия за открытие проектного кредита | D19: руб | E19: =SUM(F19:BW19) -> 80828980 | F19: =SUMIF('Вспомогательная табл помесячно'!$F$5:$BX$5,'Горизонталь поквартально'!F7,'Вспомогательная табл помесячно'!$F$19:$BX$19) -> 0 | G19: =SUMIF('Вспомогательная табл помесячно'!$F$5:$BX$5,'Горизонталь поквартально'!G7,'Вспомогательная табл помесячно'!$F$19:$BX$19) -> 0 | H19: =SUM(H11:AA11,H14:AA14,H15:AA15,H16:AA16,H17:AA17,H22:AA22,H23:AA23,H21:AA21)*'Исходные данные'!$D$22 -> 80828980 | I19: =SUMIF('Вспомогательная табл помесячно'!$F$5:$BX$5,'Горизонталь поквартально'!I7,'Вспомогательная табл помесячно'!$F$19:$BX$19) -> 0 | J19: =SUMIF('Вспомогательная табл помесячно'!$F$5:$BX$5,'Горизонталь поквартально'!J7,'Вспомогательная табл помесячно'!$F$19:$BX$19) -> 0 | K19: =SUMIF('Вспомогательная табл помесячно'!$F$5:$BX$5,'Горизонталь поквартально'!K7,'Вспомогательная табл помесячно'!$F$19:$BX$19) -> 0 | L19: =SUMIF('Вспомогательная табл помесячно'!$F$5:$BX$5,'Горизонталь поквартально'!L7,'Вспомогательная табл помесячно'!$F$19:$BX$19) -> 0 | M19: =SUMIF('Вспомогательная табл помесячно'!$F$5:$BX$5,'Горизонталь поквартально'!M7,'Вспомогательная табл помесячно'!$F$19:$BX$19) -> 0 | N19: =SUMIF('Вспомогательная табл помесячно'!$F$5:$BX$5,'Горизонталь поквартально'!N7,'Вспомогательная табл помесячно'!$F$19:$BX$19) -> 0 | O19: =SUMIF('Вспомогательная табл помесячно'!$F$5:$BX$5,'Горизонталь поквартально'!O7,'Вспомогательная табл помесячно'!$F$19:$BX$19) -> 0 | P19: =SUMIF('Вспомогательная табл помесячно'!$F$5:$BX$5,'Горизонталь поквартально'!P7,'Вспомогательная табл помесячно'!$F$19:$BX$19) -> 0 | ... BW19: =SUMIF('Вспомогательная табл помесячно'!$F$5:$BX$5,'Горизонталь поквартально'!BW7,'Вспомогательная табл помесячно'!$F$19:$BX$19) -> 0
A20: =SUM(F20:BW20) -> 80828980 | B20: =A20=E20 -> TRUE | C20: Комиссия за банковское обслуживание | D20: руб | E20: =SUM(F20:BW20) -> 80828980 | F20: =SUMIF('Вспомогательная табл помесячно'!$F$5:$BX$5,'Горизонталь поквартально'!F7,'Вспомогательная табл помесячно'!$F$20:$BX$20) -> 0 | G20: =SUMIF('Вспомогательная табл помесячно'!$F$5:$BX$5,'Горизонталь поквартально'!G7,'Вспомогательная табл помесячно'!$F$20:$BX$20) -> 0 | H20: =SUM(H11,H14,H15,H16,H17,H22,H23,H21)*'Исходные данные'!$D$23 -> 4971133.2 | I20: =SUM(I11,I14,I15,I16,I17,I22,I23,I21)*'Исходные данные'!$D$23 -> 4971133.2 | J20: =SUM(J11,J14,J15,J16,J17,J22,J23,J21)*'Исходные данные'!$D$23 -> 4051133.2 | K20: =SUM(K11,K14,K15,K16,K17,K22,K23,K21)*'Исходные данные'!$D$23 -> 4051133.2 | L20: =SUM(L11,L14,L15,L16,L17,L22,L23,L21)*'Исходные данные'!$D$23 -> 3964593.4 | M20: =SUM(M11,M14,M15,M16,M17,M22,M23,M21)*'Исходные данные'!$D$23 -> 3921323.6 | N20: =SUM(N11,N14,N15,N16,N17,N22,N23,N21)*'Исходные данные'!$D$23 -> 3921323.6 | O20: =SUM(O11,O14,O15,O16,O17,O22,O23,O21)*'Исходные данные'!$D$23 -> 3921323.6 | ... AA20: =SUM(AA11,AA14,AA15,AA16,AA17,AA22,AA23,AA21)*'Исходные данные'!$D$23 -> 3921323.6 | AB20: =SUMIF('Вспомогательная табл помесячно'!$F$5:$BX$5,'Горизонталь поквартально'!AB7,'Вспомогательная табл помесячно'!$F$20:$BX$20) -> 0 | AC20: =SUMIF('Вспомогательная табл помесячно'!$F$5:$BX$5,'Горизонталь поквартально'!AC7,'Вспомогательная табл помесячно'!$F$20:$BX$20) -> 0 | AD20: =SUMIF('Вспомогательная табл помесячно'!$F$5:$BX$5,'Горизонталь поквартально'!AD7,'Вспомогательная табл помесячно'!$F$20:$BX$20) -> 0 | AE20: =SUMIF('Вспомогательная табл помесячно'!$F$5:$BX$5,'Горизонталь поквартально'!AE7,'Вспомогательная табл помесячно'!$F$20:$BX$20) -> 0 | AF20: =SUMIF('Вспомогательная табл помесячно'!$F$5:$BX$5,'Горизонталь поквартально'!AF7,'Вспомогательная табл помесячно'!$F$20:$BX$20) -> 0 | AG20: =SUMIF('Вспомогательная табл помесячно'!$F$5:$BX$5,'Горизонталь поквартально'!AG7,'Вспомогательная табл помесячно'!$F$20:$BX$20) -> 0 | AH20: =SUMIF('Вспомогательная табл помесячно'!$F$5:$BX$5,'Горизонталь поквартально'!AH7,'Вспомогательная табл помесячно'!$F$20:$BX$20) -> 0 | AI20: =SUMIF('Вспомогательная табл помесячно'!$F$5:$BX$5,'Горизонталь поквартально'!AI7,'Вспомогательная табл помесячно'!$F$20:$BX$20) -> 0 | ... BW20: =SUMIF('Вспомогательная табл помесячно'!$F$5:$BX$5,'Горизонталь поквартально'!BW7,'Вспомогательная табл помесячно'!$F$20:$BX$20) -> 0
A21: =SUM(F21:BW21) -> 6.44e+08 | B21: =A21=E21 -> TRUE | C21: Налог на прибыль | D21: руб | E21: =SUM(F21:BW21) -> 6.44e+08 | F21: =SUMIF('Вспомогательная табл помесячно'!$F$5:$BX$5,'Горизонталь поквартально'!F7,'Вспомогательная табл помесячно'!$F$21:$BX$21) -> 0 | G21: =SUMIF('Вспомогательная табл помесячно'!$F$5:$BX$5,'Горизонталь поквартально'!G7,'Вспомогательная табл помесячно'!$F$21:$BX$21) -> 0 | H21: =SUMIF('Вспомогательная табл помесячно'!$F$5:$BX$5,'Горизонталь поквартально'!H7,'Вспомогательная табл помесячно'!$F$21:$BX$21) -> 0 | I21: =SUMIF('Вспомогательная табл помесячно'!$F$5:$BX$5,'Горизонталь поквартально'!I7,'Вспомогательная табл помесячно'!$F$21:$BX$21) -> 0 | J21: =SUMIF('Вспомогательная табл помесячно'!$F$5:$BX$5,'Горизонталь поквартально'!J7,'Вспомогательная табл помесячно'!$F$21:$BX$21) -> 0 | K21: =SUMIF('Вспомогательная табл помесячно'!$F$5:$BX$5,'Горизонталь поквартально'!K7,'Вспомогательная табл помесячно'!$F$21:$BX$21) -> 0 | L21: =SUMIF('Вспомогательная табл помесячно'!$F$5:$BX$5,'Горизонталь поквартально'!L7,'Вспомогательная табл помесячно'!$F$21:$BX$21) -> 0 | M21: =SUMIF('Вспомогательная табл помесячно'!$F$5:$BX$5,'Горизонталь поквартально'!M7,'Вспомогательная табл помесячно'!$F$21:$BX$21) -> 0 | ... BW21: =SUMIF('Вспомогательная табл помесячно'!$F$5:$BX$5,'Горизонталь поквартально'!BW7,'Вспомогательная табл помесячно'!$F$21:$BX$21) -> 0
A22: =SUM(F22:BW22) -> 71000000 | B22: =A22=E22 -> TRUE | C22: АХР и прочие, а именно: | D22: руб | E22: =SUM(F22:BW22) -> 71000000 | F22: =SUMIF('Вспомогательная табл помесячно'!$F$5:$BX$5,'Горизонталь поквартально'!F7,'Вспомогательная табл помесячно'!$F$22:$BX$22) -> 3000000 | G22: =SUMIF('Вспомогательная табл помесячно'!$F$5:$BX$5,'Горизонталь поквартально'!G7,'Вспомогательная табл помесячно'!$F$22:$BX$22) -> 3000000 | H22: =SUMIF('Вспомогательная табл помесячно'!$F$5:$BX$5,'Горизонталь поквартально'!H7,'Вспомогательная табл помесячно'!$F$22:$BX$22) -> 3000000 | I22: =SUMIF('Вспомогательная табл помесячно'!$F$5:$BX$5,'Горизонталь поквартально'!I7,'Вспомогательная табл помесячно'!$F$22:$BX$22) -> 3000000 | J22: =SUMIF('Вспомогательная табл помесячно'!$F$5:$BX$5,'Горизонталь поквартально'!J7,'Вспомогательная табл помесячно'!$F$22:$BX$22) -> 3000000 | K22: =SUMIF('Вспомогательная табл помесячно'!$F$5:$BX$5,'Горизонталь поквартально'!K7,'Вспомогательная табл помесячно'!$F$22:$BX$22) -> 3000000 | L22: =SUMIF('Вспомогательная табл помесячно'!$F$5:$BX$5,'Горизонталь поквартально'!L7,'Вспомогательная табл помесячно'!$F$22:$BX$22) -> 3000000 | M22: =SUMIF('Вспомогательная табл помесячно'!$F$5:$BX$5,'Горизонталь поквартально'!M7,'Вспомогательная табл помесячно'!$F$22:$BX$22) -> 3000000 | ... BW22: =SUMIF('Вспомогательная табл помесячно'!$F$5:$BX$5,'Горизонталь поквартально'!BW7,'Вспомогательная табл помесячно'!$F$22:$BX$22) -> 0
A23: =SUM(F23:BW23) -> 289800000 | B23: =A23=E23 -> TRUE | C23: Непредвиденные | D23: руб | E23: =SUM(F23:BW23) -> 289800000 | F23: =SUMIF('Вспомогательная табл помесячно'!$F$5:$BX$5,'Горизонталь поквартально'!F7,'Вспомогательная табл помесячно'!$F$23:$BX$23) -> 0 | G23: =SUMIF('Вспомогательная табл помесячно'!$F$5:$BX$5,'Горизонталь поквартально'!G7,'Вспомогательная табл помесячно'!$F$23:$BX$23) -> 0 | H23: =SUMIF('Вспомогательная табл помесячно'!$F$5:$BX$5,'Горизонталь поквартально'!H7,'Вспомогательная табл помесячно'!$F$23:$BX$23) -> 14490000 | I23: =SUMIF('Вспомогательная табл помесячно'!$F$5:$BX$5,'Горизонталь поквартально'!I7,'Вспомогательная табл помесячно'!$F$23:$BX$23) -> 14490000 | J23: =SUMIF('Вспомогательная табл помесячно'!$F$5:$BX$5,'Горизонталь поквартально'!J7,'Вспомогательная табл помесячно'!$F$23:$BX$23) -> 14490000 | K23: =SUMIF('Вспомогательная табл помесячно'!$F$5:$BX$5,'Горизонталь поквартально'!K7,'Вспомогательная табл помесячно'!$F$23:$BX$23) -> 14490000 | L23: =SUMIF('Вспомогательная табл помесячно'!$F$5:$BX$5,'Горизонталь поквартально'!L7,'Вспомогательная табл помесячно'!$F$23:$BX$23) -> 14490000 | M23: =SUMIF('Вспомогательная табл помесячно'!$F$5:$BX$5,'Горизонталь поквартально'!M7,'Вспомогательная табл помесячно'!$F$23:$BX$23) -> 14490000 | ... BW23: =SUMIF('Вспомогательная табл помесячно'!$F$5:$BX$5,'Горизонталь поквартально'!BW7,'Вспомогательная табл помесячно'!$F$23:$BX$23) -> 0
A24: =SUM(F24:BW24) -> 3.2628777e+09 | B24: =A24=E24 -> TRUE | C24: Поступления минус Платежи | D24: руб | E24: =E8-E9 -> 3.2628777e+09 | F24: =F8-F9 -> -1.2812281e+08 | G24: =G8-G9 -> -2.3812281e+08 | H24: =H8-H9 -> 11548106 | I24: =I8-I9 -> 86411726 | J24: =J8-J9 -> 1.7336637e+08 | K24: =K8-K9 -> 1.7270303e+08 | L24: =L8-L9 -> 1.8321088e+08 | ... BW24: =BW8-BW9 -> 0
C25: Рентабельность продаж (прибыль/доход) | E25: =E24/E8 -> 0.25332902
C26: Рентабельность вложений (прибыль/себестоимость) | E26: =E24/E9 -> 0.33927797
C28: Сальдо проекта простое | D28: руб | E28: =SUM(F28:BW28) -> 3.2628777e+09 | F28: =F8-F9 -> -1.2812281e+08 | G28: =G8-G9 -> -2.3812281e+08 | H28: =H8-H9 -> 11548106 | I28: =I8-I9 -> 86411726 | J28: =J8-J9 -> 1.7336637e+08 | K28: =K8-K9 -> 1.7270303e+08 | L28: =L8-L9 -> 1.8321088e+08 | M28: =M8-M9 -> 1.8520238e+08 | ... BW28: =BW8-BW9 -> 0
C29: Сальдо проекта простое нарастающим итогом | E29: =BW29 -> 3.2628777e+09 | F29: =F28 -> -1.2812281e+08 | G29: =G28+F29 -> -3.6624561e+08 | H29: =H28+G29 -> -3.5469751e+08 | I29: =I28+H29 -> -2.6828578e+08 | J29: =J28+I29 -> -94919417 | K29: =K28+J29 -> 77783609 | L29: =L28+K29 -> 2.6099449e+08 | M29: =M28+L29 -> 4.4619687e+08 | N29: =N28+M29 -> 6.2904646e+08 | ... BW29: =BW28+BV29 -> 3.2628777e+09
C30: Сроки возврата инвестиций | D30: квартал | E30: =SUM(F30:BW30) -> 5 | F30: =IF(F29<0,1,0) -> 1 | G30: =IF(G29<0,1,0) -> 1 | H30: =IF(H29<0,1,0) -> 1 | I30: =IF(I29<0,1,0) -> 1 | J30: =IF(J29<0,1,0) -> 1 | K30: =IF(K29<0,1,0) -> 0 | L30: =IF(L29<0,1,0) -> 0 | M30: =IF(M29<0,1,0) -> 0 | ... BW30: =IF(BW29<0,1,0) -> 0
C31: Сальдо собственного капитала | D31: руб | E31: =SUM(F31:BW31) -> 3.2628777e+09 | F31: =F8-F9 -> -1.2812281e+08 | G31: =G8-G9 -> -2.3812281e+08 | H31: 0 | I31: 0 | J31: 0 | K31: 0 | L31: 0 | M31: 0 | N31: 0 | O31: 0 | P31: 0 | Q31: 0 | R31: 0 | S31: 0 | T31: 0 | U31: 0 | V31: 0 | W31: 0 | X31: 0 | Y31: 0 | Z31: 0 | AA31: 0 | AB31: =SUM(H8:AA8)-SUM(H9:AA9) -> 3.3473259e+09 | AC31: =AB8+AC8-AB9-AC9 -> 2.8179746e+08 | AD31: 0 | AE31: 0 | AF31: 0 | AG31: 0 | AH31: 0 | AI31: 0 | AJ31: 0 | AK31: 0 | AL31: 0 | AM31: 0 | AN31: 0 | AO31: 0 | AP31: 0 | AQ31: 0 | AR31: 0 | AS31: 0 | AT31: 0 | AU31: 0 | AV31: 0 | AW31: 0 | AX31: 0 | AY31: 0 | AZ31: 0 | BA31: 0 | BB31: 0 | BC31: 0 | BD31: 0 | BE31: 0 | BF31: 0 | BG31: 0 | BH31: 0 | BI31: 0 | BJ31: 0 | BK31: 0 | BL31: 0 | BM31: 0 | BN31: 0 | BO31: 0 | BP31: 0 | BQ31: 0 | BR31: 0 | BS31: 0 | BT31: =BT8-BT9 -> 0 | BU31: =BU8-BU9 -> 0 | BV31: =BV8-BV9 -> 0 | BW31: =BW8-BW9 -> 0
C32: Сальдо собственного капитала нарастающим итогом | D32: руб | E32: =BW32 -> 3.2628777e+09 | F32: =F31 -> -1.2812281e+08 | G32: =G31+F32 -> -3.6624561e+08 | H32: =H31+G32 -> -3.6624561e+08 | I32: =I31+H32 -> -3.6624561e+08 | J32: =J31+I32 -> -3.6624561e+08 | K32: =K31+J32 -> -3.6624561e+08 | L32: =L31+K32 -> -3.6624561e+08 | M32: =M31+L32 -> -3.6624561e+08 | N32: =N31+M32 -> -3.6624561e+08 | ... BW32: =BW31+BV32 -> 3.2628777e+09
C33: Сроки возврата инвестиций (собственный капитал) | D33: квартал | E33: =SUM(F33:BW33) -> 22 | F33: =IF(F32<0,1,0) -> 1 | G33: =IF(G32<0,1,0) -> 1 | H33: =IF(H32<0,1,0) -> 1 | I33: =IF(I32<0,1,0) -> 1 | J33: =IF(J32<0,1,0) -> 1 | K33: =IF(K32<0,1,0) -> 1 | L33: =IF(L32<0,1,0) -> 1 | M33: =IF(M32<0,1,0) -> 1 | ... BW33: =IF(BW32<0,1,0) -> 0
C34: Расчёт NPV
C35: Норма дисконта, % | D35: в всего стоит норма дисконтирования за год | E35: ='Исходные данные'!D28 -> 0.2 | F35: =$E$35/4 -> 0.05 | G35: =$E$35/4 -> 0.05 | H35: =$E$35/4 -> 0.05 | I35: =$E$35/4 -> 0.05 | J35: =$E$35/4 -> 0.05 | K35: =$E$35/4 -> 0.05 | L35: =$E$35/4 -> 0.05 | M35: =$E$35/4 -> 0.05 | ... BW35: =$E$35/4 -> 0.05
C36: Сумма дисконтировнных потоков | E36: =SUM(F36:BW36) -> 1.6446325e+09 | F36: =F28/(1+$F$35)^F120 -> -1.2812281e+08 | G36: =G28/(1+$F$35)^G120 -> -2.2678363e+08 | H36: =H28/(1+$F$35)^H120 -> 10474472 | I36: =I28/(1+$F$35)^I120 -> 74645698 | J36: =J28/(1+$F$35)^J120 -> 1.4262894e+08 | K36: =K28/(1+$F$35)^K120 -> 1.3531734e+08 | L36: =L28/(1+$F$35)^L120 -> 1.3671478e+08 | M36: =M28/(1+$F$35)^M120 -> 1.3161988e+08 | ... BW36: =BW28/(1+$F$35)^BW120 -> 0
C37: Дисконтируемый поток наростающим итогом | E37: =BW37 -> 1.6446325e+09 | F37: =F36 -> -1.2812281e+08 | G37: =G36+F37 -> -3.5490643e+08 | H37: =H36+G37 -> -3.4443196e+08 | I37: =I36+H37 -> -2.6978626e+08 | J37: =J36+I37 -> -1.2715732e+08 | K37: =K36+J37 -> 8160014.9 | L37: =L36+K37 -> 1.448748e+08 | M37: =M36+L37 -> 2.7649467e+08 | N37: =N36+M37 -> 4.0025447e+08 | ... BW37: =BW36+BV37 -> 1.6446325e+09
C38: Дисконтируемый период окупаемости (DPP) | D38: квартал | E38: =SUM(F38:BW38) -> 5 | F38: =IF(F37<0,1,0) -> 1 | G38: =IF(G37<0,1,0) -> 1 | H38: =IF(H37<0,1,0) -> 1 | I38: =IF(I37<0,1,0) -> 1 | J38: =IF(J37<0,1,0) -> 1 | K38: =IF(K37<0,1,0) -> 0 | L38: =IF(L37<0,1,0) -> 0 | M38: =IF(M37<0,1,0) -> 0 | ... BW38: =IF(BW37<0,1,0) -> 0
C39: Сумма дисконтировнных потоков (собственный капитал) | E39: =SUM(F39:BW39) -> 8.8112166e+08 | F39: =F31/(1+$F$35)^F120 -> -1.2812281e+08 | G39: =G31/(1+$F$35)^G120 -> -2.2678363e+08 | H39: =H31/(1+$F$35)^H120 -> 0 | I39: =I31/(1+$F$35)^I120 -> 0 | J39: =J31/(1+$F$35)^J120 -> 0 | K39: =K31/(1+$F$35)^K120 -> 0 | L39: =L31/(1+$F$35)^L120 -> 0 | M39: =M31/(1+$F$35)^M120 -> 0 | ... BW39: =BW31/(1+$F$35)^BW120 -> 0
C40: Дисконтируемый поток наростающим итогом (собственный капитал) | E40: =BW40 -> 8.8112166e+08 | F40: =F39 -> -1.2812281e+08 | G40: =G39+F40 -> -3.5490643e+08 | H40: =H39+G40 -> -3.5490643e+08 | I40: =I39+H40 -> -3.5490643e+08 | J40: =J39+I40 -> -3.5490643e+08 | K40: =K39+J40 -> -3.5490643e+08 | L40: =L39+K40 -> -3.5490643e+08 | M40: =M39+L40 -> -3.5490643e+08 | N40: =N39+M40 -> -3.5490643e+08 | ... BW40: =BW39+BV40 -> 8.8112166e+08
C41: Дисконтируемый период окупаемости (DPP) (собственный капитал) | D41: квартал | E41: =SUM(F41:BW41) -> 22 | F41: =IF(F40<0,1,0) -> 1 | G41: =IF(G40<0,1,0) -> 1 | H41: =IF(H40<0,1,0) -> 1 | I41: =IF(I40<0,1,0) -> 1 | J41: =IF(J40<0,1,0) -> 1 | K41: =IF(K40<0,1,0) -> 1 | L41: =IF(L40<0,1,0) -> 1 | M41: =IF(M40<0,1,0) -> 1 | ... BW41: =IF(BW40<0,1,0) -> 0
C42: Структура капитала
C43: Наименование | D43: Ед. измерения | E43: Значение | F43: Доля
C44: Собств.капитал | D44: руб | E44: =SUM(F9:G9) -> 3.6624561e+08 | F44: =E44/$E$46 -> 0.041113541
C45: Банк | D45: руб | E45: =SUM(H9:AA9) -> 8.5419049e+09 | F45: =E45/$E$46 -> 0.95888646
C46: ИТОГО | D46: руб | E46: =E44+E45 -> 8.9081505e+09 | F46: =E46/$E$46 -> 1
C47: Показатели эффективности
C48: Наименование | D48: Ед. измерения | E48: Значение
C49: Чистый денежный поток (CF) на весь период реализации проекта | D49: руб | E49: =E28 -> 3.2628777e+09
C50: Чистый денежный поток (CF) на период кредитования | D50: руб | E50: =SUM(H28:AA28) -> 3.3473259e+09
C51: Чистая приведённая стоимость (NPV) на весь период реализации проекта | D51: руб | E51: =E37 -> 1.6446325e+09 | G51: =F28+NPV(F35,G28:AC28)=E51 -> TRUE
C52: Чистая приведённая стоимость (NPV) на период кредитования | D52: руб | E52: =SUM(H36:AA36) -> 1.9078925e+09
C53: Внутренняя норма доходности (IRR) на весь период реализации проекта | D53: % | E53: =IRR(F28:NF28)*4 -> 1.2126388
C54: Коэффициент покрытия долга денежными потоками (LLCR) на весь период реализации проекта | E54: =E8/(E45+E18+E19+E20) -> 1.4271214
C55: Период окупаемости (PP) | D55: квартал | E55: =$E$30 -> 5
C56: Дисконтируемый период окупаемости (DPP) | D56: квартал | E56: =E38 -> 5
C57: Показатели эффективности на собственный капитал
C58: Наименование | D58: Ед. измерения | E58: Значение
C59: Чистый денежный поток (CF) | D59: руб | E59: =E31 -> 3.2628777e+09
C60: Чистая приведённая стоимость (NPV) | D60: руб | E60: =E39 -> 8.8112166e+08
C61: Внутренняя норма доходности (IRR) | D61: % | E61: =IRR(F31:BW31)*4 -> 0.4516923
C62: Индекс доходности (PI) отношение дисконтируемых денежных потоков от инвестиций к сумме инвестиций (NPV/I). I - вложения | E62: =E60/E44 -> 2.4058217
C63: Период окупаемости (PP) | D63: квартал | E63: =E33 -> 22
C64: Дисконтируемый период окупаемости (DPP) | D64: квартал | E64: =E41 -> 22
C65: Анализ чувствительности
C66: Шаг | D66: 0.025
C68: NPV (собственный капитал) | D68: Цена продажная за м2 | E68: =F68-$D$66 -> -0.075 | F68: =G68-$D$66 -> -0.05 | G68: =H68-$D$66 -> -0.025 | H68: 0 | I68: =H68+$D$66 -> 0.025 | J68: =I68+$D$66 -> 0.05 | K68: =J68+$D$66 -> 0.075
C69: СМР за м2 общей площади | D69: =E60 -> 8.8112166e+08 | E69: 129500 | F69: 133000 | G69: 136500 | H69: 140000 | I69: 143500 | J69: 147000 | K69: 150500
C70: =C71-$D$66 -> -0.075 | D70: 45787.5 | E70: 7.9046785e+08 | F70: 8.8404653e+08 | G70: 9.8346011e+08 | H70: 1.074563e+09 | I70: 1.1639339e+09 | J70: 1.2530271e+09 | K70: 1.3403414e+09
C71: =C72-$D$66 -> -0.05 | D71: 47025 | E71: 7.1323841e+08 | F71: 8.2068579e+08 | G71: 9.1442634e+08 | H71: 1.0141515e+09 | I71: 1.1038567e+09 | J71: 1.1935384e+09 | K71: 1.2836081e+09
C72: =C73-$D$66 -> -0.025 | D72: 48262.5 | E72: 6.1145495e+08 | F72: 7.4744251e+08 | G72: 8.5090372e+08 | H72: 9.4480616e+08 | I72: 1.0448429e+09 | J72: 1.1346083e+09 | K72: 1.2243487e+09
C73: 0 | D73: 49500 | E73: 5.4916897e+08 | F73: 6.4230255e+08 | G73: 7.7726243e+08 | H73: 8.8112166e+08 | I73: 9.7518598e+08 | J73: 1.0755343e+09 | K73: 1.1653599e+09
C74: =C73+$D$66 -> 0.025 | D74: 50737.5 | E74: 4.7373659e+08 | F74: 5.7769299e+08 | G74: 6.7097002e+08 | H74: 8.1145251e+08 | I74: 9.1133959e+08 | J74: 1.0055658e+09 | K74: 1.1062257e+09
C75: =C74+$D$66 -> 0.05 | D75: 51975 | E75: 3.6742829e+08 | F75: 5.0595981e+08 | G75: 6.06217e+08 | H75: 6.9963749e+08 | I75: 8.4137505e+08 | J75: 9.4461686e+08 | K75: 1.0359456e+09
C76: =C75+$D$66 -> 0.075 | D76: 53212.5 | E76: 2.9809101e+08 | F76: 4.0822649e+08 | G76: 5.3418246e+08 | H76: 6.3474101e+08 | I76: 7.3534854e+08 | J76: 8.7129759e+08 | K76: 9.7490453e+08
C79: IRR (собственный капитал) | D79: Цена продажная за м2 | E79: =F79-$D$66 -> -0.075 | F79: =G79-$D$66 -> -0.05 | G79: =H79-$D$66 -> -0.025 | H79: 0 | I79: =H79+$D$66 -> 0.025 | J79: =I79+$D$66 -> 0.05 | K79: =J79+$D$66 -> 0.075
C80: СМР за м2 общей площади | D80: =E61 -> 0.4516923 | E80: 129500 | F80: 133000 | G80: 136500 | H80: 140000 | I80: 143500 | J80: 147000 | K80: 150500
C81: =C82-$D$66 -> -0.075 | D81: 45787.5 | E81: 0.43899623 | F81: 0.45554665 | G81: 0.47186328 | H81: 0.4858341 | I81: 0.49873488 | J81: 0.51089265 | K81: 0.52219699
C82: =C83-$D$66 -> -0.05 | D82: 47025 | E82: 0.42326907 | F82: 0.44337247 | G82: 0.45952237 | H82: 0.47549421 | I82: 0.48894395 | J82: 0.50162385 | K82: 0.51367255
C83: =C84-$D$66 -> -0.025 | D83: 48262.5 | E83: 0.4014346 | F83: 0.42880778 | G83: 0.44760178 | H83: 0.46337176 | I83: 0.4790154 | J83: 0.4921757 | K83: 0.50459837
C84: 0 | D84: 49500 | E84: 0.3867008 | F84: 0.40696562 | G84: 0.43332323 | H84: 0.4516923 | I84: 0.46710139 | J84: 0.48243226 | K84: 0.4953159
C85: =C84+$D$66 -> 0.025 | D85: 50737.5 | E85: 0.36791108 | F85: 0.39216218 | G85: 0.41184255 | H85: 0.43847133 | I85: 0.45565152 | J85: 0.47071735 | K85: 0.48574982
C86: =C85+$D$66 -> 0.05 | D86: 51975 | E86: 0.33918262 | F86: 0.37483316 | G86: 0.39741499 | H86: 0.41654598 | I86: 0.44268593 | J86: 0.45998211 | K86: 0.47422532
C87: =C86+$D$66 -> 0.075 | D87: 53212.5 | E87: 0.31829012 | F87: 0.34950372 | G87: 0.38052905 | H87: 0.4024726 | I87: 0.42235199 | J87: 0.44676369 | K87: 0.46369841
C89: Цена продажная за м2 | D89: руб | E89: 140000 | F89: Информацию согласовал с Заказчиком при последней встрече
C90: СМР за м2 общей площади | D90: руб | E90: 49500 | F90: Информацию согласовал с Заказчиком при последней встрече
C109: Сальдо суммы кредита на начало отчётного периода | H109: 0 | I109: =H111 -> 4.9711332e+08 | J109: =I111 -> 9.9422664e+08 | K109: =J111 -> 1.39934e+09 | L109: =K111 -> 1.8044533e+09 | M109: =L111 -> 2.2009126e+09 | N109: =M111 -> 2.593045e+09 | O109: =N111 -> 2.9851773e+09 | P109: =O111 -> 3.3773097e+09 | ... BR109: =BQ111 -> 8.1236211e+09
C110: Сумма платежей за счёт заёмных средств | H110: =(H17+H16+H15+H14+H11+H10+H22+H23) -> 4.9711332e+08 | I110: =(I17+I16+I15+I14+I11+I10+I22+I23) -> 4.9711332e+08 | J110: =(J17+J16+J15+J14+J11+J10+J22+J23) -> 4.0511332e+08 | K110: =(K17+K16+K15+K14+K11+K10+K22+K23) -> 4.0511332e+08 | L110: =(L17+L16+L15+L14+L11+L10+L22+L23) -> 3.9645934e+08 | M110: =(M17+M16+M15+M14+M11+M10+M22+M23) -> 3.9213236e+08 | N110: =(N17+N16+N15+N14+N11+N10+N22+N23) -> 3.9213236e+08 | O110: =(O17+O16+O15+O14+O11+O10+O22+O23) -> 3.9213236e+08 | ... BR110: =(BR17+BR16+BR15+BR14+BR11+BR10+BR22+BR23) -> 0
C111: Сальдо суммы кредита на конец отчётного периода | H111: =H109+H110 -> 4.9711332e+08 | I111: =I109+I110 -> 9.9422664e+08 | J111: =J109+J110 -> 1.39934e+09 | K111: =K109+K110 -> 1.8044533e+09 | L111: =L109+L110 -> 2.2009126e+09 | M111: =M109+M110 -> 2.593045e+09 | N111: =N109+N110 -> 2.9851773e+09 | O111: =O109+O110 -> 3.3773097e+09 | ... BR111: =BR109+BR110 -> 8.1236211e+09
C113: Сальдо суммы поступлений от продаж на начало отчётного периода | H113: 0 | I113: =H115 -> 5.9446154e+08 | J113: =I115 -> 1.1889231e+09 | K113: =J115 -> 1.7833846e+09 | L113: =K115 -> 2.3778462e+09 | M113: =L115 -> 2.9723077e+09 | N113: =M115 -> 3.5667692e+09 | O113: =N115 -> 4.1612308e+09 | P113: =O115 -> 4.7556923e+09 | ... BR113: =BQ115 -> 1.288e+10
C114: Сумма поступлений от продаж | H114: =H8 -> 5.9446154e+08 | I114: =I8 -> 5.9446154e+08 | J114: =J8 -> 5.9446154e+08 | K114: =K8 -> 5.9446154e+08 | L114: =L8 -> 5.9446154e+08 | M114: =M8 -> 5.9446154e+08 | N114: =N8 -> 5.9446154e+08 | O114: =O8 -> 5.9446154e+08 | ... BR114: =BR8 -> 0
C115: Сальдо суммы поступлений от продаж на конец отчётного периода | H115: =H113+H114 -> 5.9446154e+08 | I115: =I113+I114 -> 1.1889231e+09 | J115: =J113+J114 -> 1.7833846e+09 | K115: =K113+K114 -> 2.3778462e+09 | L115: =L113+L114 -> 2.9723077e+09 | M115: =M113+M114 -> 3.5667692e+09 | N115: =N113+N114 -> 4.1612308e+09 | O115: =O113+O114 -> 4.7556923e+09 | ... BR115: =BR113+BR114 -> 1.288e+10
C117: Уровень покрытия счетов ЭСКРОУ | H117: =H115/H111 -> 1.195827 | I117: =I115/I111 -> 1.195827 | J117: =J115/J111 -> 1.274447 | K117: =K115/K111 -> 1.3177654 | L117: =L115/L111 -> 1.3504887 | M117: =M115/M111 -> 1.3755138 | N117: =N115/N111 -> 1.3939643 | O117: =O115/O111 -> 1.4081304 | ... BR117: =BR115/BR111 -> 1.5854999
C118: Коэффициент для расчёта процента по кредиту | H118: =HLOOKUP(H117*100,'Расчёт ставки Банка для кредита'!$B$33:$BJ$34,2,TRUE)/100 -> 0.048 | I118: =HLOOKUP(I117*100,'Расчёт ставки Банка для кредита'!$B$33:$BJ$34,2,TRUE)/100 -> 0.048 | J118: =HLOOKUP(J117*100,'Расчёт ставки Банка для кредита'!$B$33:$BJ$34,2,TRUE)/100 -> 0.036 | K118: =HLOOKUP(K117*100,'Расчёт ставки Банка для кредита'!$B$33:$BJ$34,2,TRUE)/100 -> 0.024 | L118: =HLOOKUP(L117*100,'Расчёт ставки Банка для кредита'!$B$33:$BJ$34,2,TRUE)/100 -> 0.024 | M118: =HLOOKUP(M117*100,'Расчёт ставки Банка для кредита'!$B$33:$BJ$34,2,TRUE)/100 -> 0.024 | N118: =HLOOKUP(N117*100,'Расчёт ставки Банка для кредита'!$B$33:$BJ$34,2,TRUE)/100 -> 0.024 | O118: =HLOOKUP(O117*100,'Расчёт ставки Банка для кредита'!$B$33:$BJ$34,2,TRUE)/100 -> 0.024 | ... BR118: =HLOOKUP(BR117*100,'Расчёт ставки Банка для кредита'!$B$33:$BJ$34,2,TRUE)/100 -> 0.01
C120: вспомогательная строка для расчёта суммы дисконтирования | F120: 0 | G120: 1 | H120: 2 | I120: 3 | J120: 4 | K120: 5 | L120: 6 | M120: 7 | N120: 8 | O120: 9 | P120: 10 | Q120: 11 | R120: 12 | S120: 13 | T120: 14 | U120: 15 | V120: 16 | W120: 17 | X120: 18 | Y120: 19 | Z120: 20 | AA120: 21 | AB120: 22 | AC120: 23 | AD120: 24 | AE120: 25 | AF120: 26 | AG120: 27 | AH120: 28 | AI120: 29 | AJ120: 30 | AK120: 31 | AL120: 32 | AM120: 33 | AN120: 34 | AO120: 35 | AP120: 36 | AQ120: 37 | AR120: 38 | AS120: 39 | AT120: 40 | AU120: 41 | AV120: 42 | AW120: 43 | AX120: 44 | AY120: 45 | AZ120: 46 | BA120: 47 | BB120: 48 | BC120: 49 | BD120: 50 | BE120: 51 | BF120: 52 | BG120: 53 | BH120: 54 | BI120: 55 | BJ120: 56 | BK120: 57 | BL120: 58 | BM120: 59 | BN120: 60 | BO120: 61 | BP120: 62 | BQ120: 63 | BR120: 64 | BS120: 65 | BT120: 66 | BU120: 67 | BV120: 68 | BW120: 69

Sheet NPV
A4: Дополнительная таблица по расшифровке расчёта NPV
A6: ПРОВЕРКА | C6: Наименование | E6: Всего
A7: ИТОГО по месяцам | B7: СРАВНЕНИЕ | D7: Ед изм | F7: 1 | G7: 2 | H7: 3 | I7: 4 | J7: 5 | K7: 6 | L7: 7 | M7: 8 | N7: 9 | O7: 10 | P7: 11 | Q7: 12 | R7: 13 | S7: 14 | T7: 15 | U7: 16 | V7: 17 | W7: 18 | X7: 19 | Y7: 20 | Z7: 21 | AA7: 22 | AB7: 23 | AC7: 24
C8: Сальдо собственного капитала | D8: руб | E8: =SUM(F8:BW8) -> 3.2628777e+09 | F8: ='Горизонталь поквартально'!F31 -> -1.2812281e+08 | G8: ='Горизонталь поквартально'!G31 -> -2.3812281e+08 | H8: ='Горизонталь поквартально'!H31 -> 0 | I8: ='Горизонталь поквартально'!I31 -> 0 | J8: ='Горизонталь поквартально'!J31 -> 0 | K8: ='Горизонталь поквартально'!K31 -> 0 | L8: ='Горизонталь поквартально'!L31 -> 0 | M8: ='Горизонталь поквартально'!M31 -> 0 | ... AC8: ='Горизонталь поквартально'!AC31 -> 2.8179746e+08
C9: Сальдо собственного капитала нарастающим итогом | D9: руб | E9: =BW9 -> 0 | F9: =F8 -> -1.2812281e+08 | G9: =G8+F9 -> -3.6624561e+08 | H9: =H8+G9 -> -3.6624561e+08 | I9: =I8+H9 -> -3.6624561e+08 | J9: =J8+I9 -> -3.6624561e+08 | K9: =K8+J9 -> -3.6624561e+08 | L9: =L8+K9 -> -3.6624561e+08 | M9: =M8+L9 -> -3.6624561e+08 | N9: =N8+M9 -> -3.6624561e+08 | ... AC9: =AC8+AB9 -> 3.2628777e+09
C10: Сроки возврата инвестиций (собственный капитал) | D10: квартал | E10: =SUM(F10:BW10) -> 22 | F10: =IF(F9<0,1,0) -> 1 | G10: =IF(G9<0,1,0) -> 1 | H10: =IF(H9<0,1,0) -> 1 | I10: =IF(I9<0,1,0) -> 1 | J10: =IF(J9<0,1,0) -> 1 | K10: =IF(K9<0,1,0) -> 1 | L10: =IF(L9<0,1,0) -> 1 | M10: =IF(M9<0,1,0) -> 1 | ... AC10: =IF(AC9<0,1,0) -> 0
C11: Расчёт NPV
C12: Норма дисконта, % | D12: в всего стоит норма дисконтирования за год | E12: ='Исходные данные'!D28 -> 0.2 | F12: =$E$12/4 -> 0.05 | G12: =$E$12/4 -> 0.05 | H12: =$E$12/4 -> 0.05 | I12: =$E$12/4 -> 0.05 | J12: =$E$12/4 -> 0.05 | K12: =$E$12/4 -> 0.05 | L12: =$E$12/4 -> 0.05 | M12: =$E$12/4 -> 0.05 | ... AC12: =$E$12/4 -> 0.05
C13: Коэффициент дисконтирования | F13: =1/(1+F12)^F21 -> 1 | G13: =1/(1+G12)^G21 -> 0.95238095 | H13: =1/(1+H12)^H21 -> 0.90702948 | I13: =1/(1+I12)^I21 -> 0.8638376 | J13: =1/(1+J12)^J21 -> 0.82270247 | K13: =1/(1+K12)^K21 -> 0.78352617 | L13: =1/(1+L12)^L21 -> 0.7462154 | M13: =1/(1+M12)^M21 -> 0.71068133 | ... AC13: =1/(1+AC12)^AC21 -> 0.32557131
C14: Сумма дисконтировнных потоков (собственный капитал) | E14: =SUM(F14:BW14) -> 8.8112166e+08 | F14: =F8*F13 -> -1.2812281e+08 | G14: =G8*G13 -> -2.2678363e+08 | H14: =H8*H13 -> 0 | I14: =I8*I13 -> 0 | J14: =J8*J13 -> 0 | K14: =K8*K13 -> 0 | L14: =L8*L13 -> 0 | M14: =M8*M13 -> 0 | ... AC14: =AC8*AC13 -> 91745167
C15: Дисконтируемый поток наростающим итогом (собственный капитал) | E15: =BW15 -> 0 | F15: =F14 -> -1.2812281e+08 | G15: =G14+F15 -> -3.5490643e+08 | H15: =H14+G15 -> -3.5490643e+08 | I15: =I14+H15 -> -3.5490643e+08 | J15: =J14+I15 -> -3.5490643e+08 | K15: =K14+J15 -> -3.5490643e+08 | L15: =L14+K15 -> -3.5490643e+08 | M15: =M14+L15 -> -3.5490643e+08 | N15: =N14+M15 -> -3.5490643e+08 | ... AC15: =AC14+AB15 -> 8.8112166e+08
C16: Показатели эффективности на собственный капитал
C17: Наименование | D17: Ед. измерения | E17: Значение
C18: Чистый денежный поток (CF) | D18: руб | E18: =E8 -> 3.2628777e+09
C19: Чистая приведённая стоимость (NPV) | D19: руб | E19: =E14 -> 8.8112166e+08
C20: Внутренняя норма доходности (IRR) | D20: % | E20: =IRR(F8:BW8)*4 -> 0.4516923
C21: вспомогательная строка для расчёта суммы дисконтирования | F21: 0 | G21: 1 | H21: 2 | I21: 3 | J21: 4 | K21: 5 | L21: 6 | M21: 7 | N21: 8 | O21: 9 | P21: 10 | Q21: 11 | R21: 12 | S21: 13 | T21: 14 | U21: 15 | V21: 16 | W21: 17 | X21: 18 | Y21: 19 | Z21: 20 | AA21: 21 | AB21: 22 | AC21: 23

Sheet Вспомогательная табл помесячно
A4: Помесячный расчёт проекта
F5: 1 | G5: 1 | H5: 1 | I5: 2 | J5: 2 | K5: 2 | L5: 3 | M5: 3 | N5: 3 | O5: 4 | P5: 4 | Q5: 4 | R5: 5 | S5: 5 | T5: 5 | U5: 6 | V5: 6 | W5: 6 | X5: 7 | Y5: 7 | Z5: 7 | AA5: 8 | AB5: 8 | AC5: 8 | AD5: 9 | AE5: 9 | AF5: 9 | AG5: 10 | AH5: 10 | AI5: 10 | AJ5: 11 | AK5: 11 | AL5: 11 | AM5: 12 | AN5: 12 | AO5: 12 | AP5: 13 | AQ5: 13 | AR5: 13 | AS5: 14 | AT5: 14 | AU5: 14 | AV5: 15 | AW5: 15 | AX5: 15 | AY5: 16 | AZ5: 16 | BA5: 16 | BB5: 17 | BC5: 17 | BD5: 17 | BE5: 18 | BF5: 18 | BG5: 18 | BH5: 19 | BI5: 19 | BJ5: 19 | BK5: 20 | BL5: 20 | BM5: 20 | BN5: 21 | BO5: 21 | BP5: 21 | BQ5: 22 | BR5: 22 | BS5: 22 | BT5: 23 | BU5: 23 | BV5: 23 | BW5: 24 | BX5: 24
A6: ПРОВЕРКА | C6: Наименование | E6: Всего
A7: ИТОГО по месяцам | B7: СРАВНЕНИЕ | D7: Ед изм | F7: 1 | G7: 2 | H7: 3 | I7: 4 | J7: 5 | L7: 6 | M7: 7 | N7: 8 | O7: 9 | P7: 10 | Q7: 11 | R7: 12 | S7: 13 | T7: 14 | U7: 15 | V7: 16 | W7: 17 | X7: 18 | Y7: 19 | Z7: 20 | AA7: 21 | AB7: 22 | AC7: 23 | AD7: 24 | AE7: 25 | AF7: 26 | AG7: 27 | AH7: 28 | AI7: 29 | AJ7: 30 | AK7: 31 | AL7: 32 | AM7: 33 | AN7: 34 | AO7: 35 | AP7: 36 | AQ7: 37 | AR7: 38 | AS7: 39 | AT7: 40 | AU7: 41 | AV7: 42 | AW7: 43 | AX7: 44 | AY7: 45 | AZ7: 46 | BA7: 47 | BB7: 48 | BC7: 49 | BD7: 50 | BE7: 51 | BF7: 52 | BG7: 53 | BH7: 54 | BI7: 55 | BJ7: 56 | BK7: 57 | BL7: 58 | BM7: 59 | BN7: 60 | BO7: 61 | BP7: 62 | BQ7: 63 | BR7: 64 | BS7: 65 | BT7: 66 | BU7: 67 | BV7: 68 | BW7: 69 | BX7: 70
A8: =SUM(F8:BX8) -> 1.288e+10 | B8: =A8=E8 -> TRUE | C8: Доход | D8: руб | E8: ='Исходные данные'!D7*ТЭП!D10 -> 12880000000 | F8: =$E$8/Флаги!$C$8*Флаги!F8 -> 0 | G8: =$E$8/Флаги!$C$8*Флаги!G8 -> 0 | H8: =$E$8/Флаги!$C$8*Флаги!H8 -> 0 | I8: =$E$8/Флаги!$C$8*Флаги!I8 -> 0 | J8: =$E$8/Флаги!$C$8*Флаги!J8 -> 0 | K8: =$E$8/Флаги!$C$8*Флаги!K8 -> 0 | L8: =$E$8/Флаги!$C$8*Флаги!L8 -> 1.9815385e+08 | M8: =$E$8/Флаги!$C$8*Флаги!M8 -> 1.9815385e+08 | ... BX8: =$E$8/Флаги!$C$8*Флаги!BX8 -> 1.9815385e+08
A9: =SUM(F9:BX9) -> 9.6171223e+09 | B9: =A9=E9 -> TRUE | C9: Расход, а именно: | D9: руб | E9: =E10+E14+E15+E16+E18+E21+E22+E23+E11+E17+E19+E20 -> 9.6171223e+09 | F9: =F10+F14+F15+F16+F18+F21+F22+F23+F11+F17+F19+F20 -> 42707602 | G9: =G10+G14+G15+G16+G18+G21+G22+G23+G11+G17+G19+G20 -> 42707602 | H9: =H10+H14+H15+H16+H18+H21+H22+H23+H11+H17+H19+H20 -> 42707602 | I9: =I10+I14+I15+I16+I18+I21+I22+I23+I11+I17+I19+I20 -> 79374269 | J9: =J10+J14+J15+J16+J18+J21+J22+J23+J11+J17+J19+J20 -> 79374269 | K9: =K10+K14+K15+K16+K18+K21+K22+K23+K11+K17+K19+K20 -> 79374269 | L9: =L10+L14+L15+L16+L18+L21+L22+L23+L11+L17+L19+L20 -> 2.4819046e+08 | ... BX9: =BX10+BX14+BX15+BX16+BX18+BX21+BX22+BX23+BX11+BX17+BX19+BX20 -> 69981523
A10: =SUM(F10:BX10) -> 0 | B10: =A10=E10 -> TRUE | C10: Земля | D10: руб
A11: =SUM(F11:BX11) -> 6.624e+08 | B11: =A11=E11 -> FALSE | C11: Маркетинг+Риелторские, а именно: | D11: руб | E11: =E12+E13 -> 662400000 | F11: =F12+F13 -> 7263157.9 | G11: =G12+G13 -> 7263157.9 | H11: =H12+H13 -> 7263157.9 | I11: =I12+I13 -> 7263157.9 | J11: =J12+J13 -> 7263157.9 | K11: =K12+K13 -> 7263157.9 | L11: =L12+L13 -> 13207773 | ... BX11: =BX12+BX13 -> 5944615.4
A12: =SUM(F12:BX12) -> 3.864e+08 | B12: =A12=E12 -> TRUE | C12: Риелторские | D12: руб | E12: ='Исходные данные'!D10*E8 -> 386400000 | F12: =F8*'Исходные данные'!$D$10 -> 0 | G12: =G8*'Исходные данные'!$D$10 -> 0 | H12: =H8*'Исходные данные'!$D$10 -> 0 | I12: =I8*'Исходные данные'!$D$10 -> 0 | J12: =J8*'Исходные данные'!$D$10 -> 0 | K12: =K8*'Исходные данные'!$D$10 -> 0 | L12: =L8*'Исходные данные'!$D$10 -> 5944615.4 | M12: =M8*'Исходные данные'!$D$10 -> 5944615.4 | ... BX12: =BX8*'Исходные данные'!$D$10 -> 5944615.4
A13: =SUM(F13:BX13) -> 2.76e+08 | B13: =A13=E13 -> TRUE | C13: Маркетинг | D13: руб | E13: =ТЭП!D12*'Исходные данные'!D11 -> 276000000 | F13: =($E$13*Флаги!$D$13)/SUM(Флаги!$F$13:$X$13)*Флаги!F13 -> 7263157.9 | G13: =($E$13*Флаги!$D$13)/SUM(Флаги!$F$13:$X$13)*Флаги!G13 -> 7263157.9 | H13: =($E$13*Флаги!$D$13)/SUM(Флаги!$F$13:$X$13)*Флаги!H13 -> 7263157.9 | I13: =($E$13*Флаги!$D$13)/SUM(Флаги!$F$13:$X$13)*Флаги!I13 -> 7263157.9 | J13: =($E$13*Флаги!$D$13)/SUM(Флаги!$F$13:$X$13)*Флаги!J13 -> 7263157.9 | K13: =($E$13*Флаги!$D$13)/SUM(Флаги!$F$13:$X$13)*Флаги!K13 -> 7263157.9 | L13: =($E$13*Флаги!$D$13)/SUM(Флаги!$F$13:$X$13)*Флаги!L13 -> 7263157.9 | M13: =($E$13*Флаги!$D$13)/SUM(Флаги!$F$13:$X$13)*Флаги!M13 -> 7263157.9 | ... X13: =($E$13*Флаги!$D$13)/SUM(Флаги!$F$13:$X$13)*Флаги!X13 -> 7263157.9 | Y13: =($E$13*Флаги!$E$13)/SUM(Флаги!$Y$13:$BS$13)*Флаги!Y13 -> 2936170.2 | Z13: =($E$13*Флаги!$E$13)/SUM(Флаги!$Y$13:$BS$13)*Флаги!Z13 -> 2936170.2 | AA13: =($E$13*Флаги!$E$13)/SUM(Флаги!$Y$13:$BS$13)*Флаги!AA13 -> 2936170.2 | AB13: =($E$13*Флаги!$E$13)/SUM(Флаги!$Y$13:$BS$13)*Флаги!AB13 -> 2936170.2 | AC13: =($E$13*Флаги!$E$13)/SUM(Флаги!$Y$13:$BS$13)*Флаги!AC13 -> 2936170.2 | AD13: =($E$13*Флаги!$E$13)/SUM(Флаги!$Y$13:$BS$13)*Флаги!AD13 -> 2936170.2 | AE13: =($E$13*Флаги!$E$13)/SUM(Флаги!$Y$13:$BS$13)*Флаги!AE13 -> 2936170.2 | AF13: =($E$13*Флаги!$E$13)/SUM(Флаги!$Y$13:$BS$13)*Флаги!AF13 -> 2936170.2 | ... BX13: =($E$13*Флаги!$E$13)/SUM(Флаги!$Y$13:$BS$13)*Флаги!BX13 -> 0
A14: =SUM(F14:BX14) -> 2.0666667e+08 | B14: =A14=E14 -> TRUE | C14: ПиР | D14: руб | E14: ='Исходные данные'!D13*ТЭП!D4+'Исходные данные'!D14 -> 2.0666667e+08 | F14: =$E$14/Флаги!$C$14*Флаги!F14 -> 34444444 | G14: =$E$14/Флаги!$C$14*Флаги!G14 -> 34444444 | H14: =$E$14/Флаги!$C$14*Флаги!H14 -> 34444444 | I14: =$E$14/Флаги!$C$14*Флаги!I14 -> 34444444 | J14: =$E$14/Флаги!$C$14*Флаги!J14 -> 34444444 | K14: =$E$14/Флаги!$C$14*Флаги!K14 -> 34444444 | L14: =$E$14/Флаги!$C$14*Флаги!L14 -> 0 | M14: =$E$14/Флаги!$C$14*Флаги!M14 -> 0 | ... BX14: =$E$14/Флаги!$C$14*Флаги!BX14 -> 0
A15: =SUM(F15:BX15) -> 0 | B15: =A15=E15 -> TRUE | C15: Подготовительные к СМР | D15: руб
A16: =SUM(F16:BX16) -> 6.6e+09 | B16: =A16=E16 -> TRUE | C16: СМР | D16: руб | E16: ='Исходные данные'!D8*ТЭП!D4 -> 6.6e+09 | F16: =$E$16/Флаги!$C$16*Флаги!F16 -> 0 | G16: =$E$16/Флаги!$C$16*Флаги!G16 -> 0 | H16: =$E$16/Флаги!$C$16*Флаги!H16 -> 0 | I16: =$E$16/Флаги!$C$16*Флаги!I16 -> 0 | J16: =$E$16/Флаги!$C$16*Флаги!J16 -> 0 | K16: =$E$16/Флаги!$C$16*Флаги!K16 -> 0 | L16: =$E$16/Флаги!$C$16*Флаги!L16 -> 1.1e+08 | M16: =$E$16/Флаги!$C$16*Флаги!M16 -> 1.1e+08 | ... BX16: =$E$16/Флаги!$C$16*Флаги!BX16 -> 0
A17: =SUM(F17:BX17) -> 6.6e+08 | B17: =A17=E17 -> TRUE | C17: Сети, дороги и благоустройство | D17: руб | E17: =E16*'Исходные данные'!D9 -> 6.6e+08 | F17: =$E$17/Флаги!$C$17*Флаги!F17 -> 0 | G17: =$E$17/Флаги!$C$17*Флаги!G17 -> 0 | H17: =$E$17/Флаги!$C$17*Флаги!H17 -> 0 | I17: =($E$17*Флаги!$D$17)/SUM(Флаги!$I$17:$Q$17)*Флаги!I17 -> 36666667 | J17: =($E$17*Флаги!$D$17)/SUM(Флаги!$I$17:$Q$17)*Флаги!J17 -> 36666667 | K17: =($E$17*Флаги!$D$17)/SUM(Флаги!$I$17:$Q$17)*Флаги!K17 -> 36666667 | L17: =($E$17*Флаги!$D$17)/SUM(Флаги!$I$17:$Q$17)*Флаги!L17 -> 36666667 | M17: =($E$17*Флаги!$D$17)/SUM(Флаги!$I$17:$Q$17)*Флаги!M17 -> 36666667 | N17: =($E$17*Флаги!$D$17)/SUM(Флаги!$I$17:$Q$17)*Флаги!N17 -> 36666667 | O17: =($E$17*Флаги!$D$17)/SUM(Флаги!$I$17:$Q$17)*Флаги!O17 -> 36666667 | P17: =($E$17*Флаги!$D$17)/SUM(Флаги!$I$17:$Q$17)*Флаги!P17 -> 36666667 | Q17: =($E$17*Флаги!$D$17)/SUM(Флаги!$I$17:$Q$17)*Флаги!Q17 -> 36666667 | R17: =($E$17*Флаги!$E$17)/SUM(Флаги!$R$17:$BX$17)*Флаги!R17 -> 6000000 | S17: =($E$17*Флаги!$E$17)/SUM(Флаги!$R$17:$BX$17)*Флаги!S17 -> 6000000 | T17: =($E$17*Флаги!$E$17)/SUM(Флаги!$R$17:$BX$17)*Флаги!T17 -> 6000000 | U17: =($E$17*Флаги!$E$17)/SUM(Флаги!$R$17:$BX$17)*Флаги!U17 -> 6000000 | V17: =($E$17*Флаги!$E$17)/SUM(Флаги!$R$17:$BX$17)*Флаги!V17 -> 6000000 | W17: =($E$17*Флаги!$E$17)/SUM(Флаги!$R$17:$BX$17)*Флаги!W17 -> 6000000 | X17: =($E$17*Флаги!$E$17)/SUM(Флаги!$R$17:$BX$17)*Флаги!X17 -> 6000000 | Y17: =($E$17*Флаги!$E$17)/SUM(Флаги!$R$17:$BX$17)*Флаги!Y17 -> 6000000 | ... BW17: =($E$17*Флаги!$E$17)/SUM(Флаги!$R$17:$BX$17)*Флаги!BW17 -> 0 | BX17: =$E$17/Флаги!$C$17*Флаги!BX17 -> 0
A18: =SUM(F18:BX18) -> 3.2159765e+08 | B18: =A18=E18 -> TRUE | C18: Проценты банку | D18: руб | E18: =Вертикаль!C18 -> 3.2159765e+08 | O18: ='Горизонталь поквартально'!I18 -> 5965359.8 | R18: ='Горизонталь поквартально'!J18 -> 11930720 | U18: ='Горизонталь поквартально'!K18 -> 12594060 | X18: ='Горизонталь поквартально'!L18 -> 10826720 | AA18: ='Горизонталь поквартально'!M18 -> 13205476 | AD18: ='Горизонталь поквартально'!N18 -> 15558270 | AG18: ='Горизонталь поквартально'!O18 -> 17911064 | AJ18: ='Горизонталь поквартально'!P18 -> 20263858 | AM18: ='Горизонталь поквартально'!Q18 -> 11308326 | AP18: ='Горизонталь поквартально'!R18 -> 12484723 | AS18: ='Горизонталь поквартально'!S18 -> 13661120 | AV18: ='Горизонталь поквартально'!T18 -> 14837517 | AY18: ='Горизонталь поквартально'!U18 -> 16013914 | BB18: ='Горизонталь поквартально'!V18 -> 17190312 | BE18: ='Горизонталь поквартально'!W18 -> 18366709 | BH18: ='Горизонталь поквартально'!X18 -> 19543106 | BK18: ='Горизонталь поквартально'!Y18 -> 20719503 | BN18: ='Горизонталь поквартально'!Z18 -> 21895900 | BQ18: ='Горизонталь поквартально'!AA18 -> 23072297 | BT18: ='Горизонталь поквартально'!AB18 -> 24248694
A19: =SUM(F19:BX19) -> 80828980 | B19: =A19=E19 -> FALSE | C19: Комиссия за открытие проектного кредита | D19: руб | E19: =Вертикаль!C19 -> 80828980 | L19: =SUM(L11:BS11,L14:BS14,L15:BS15,L16:BS16,L17:BS17,L22:BS22,L23:BS23,L21:BS21)*'Исходные данные'!D22 -> 80828980
A20: =SUM(F20:BX20) -> 80828980 | B20: =A20=E20 -> FALSE | C20: Комиссия за банковское обслуживание | D20: руб | E20: =Вертикаль!C20 -> 80828980 | L20: =SUM(L11,L14,L15,L16,L17,L22,L23,L21)*'Исходные данные'!$D$23 -> 1657044.4 | M20: =SUM(M11,M14,M15,M16,M17,M22,M23,M21)*'Исходные данные'!$D$23 -> 1657044.4 | N20: =SUM(N11,N14,N15,N16,N17,N22,N23,N21)*'Исходные данные'!$D$23 -> 1657044.4 | O20: =SUM(O11,O14,O15,O16,O17,O22,O23,O21)*'Исходные данные'!$D$23 -> 1657044.4 | P20: =SUM(P11,P14,P15,P16,P17,P22,P23,P21)*'Исходные данные'!$D$23 -> 1657044.4 | Q20: =SUM(Q11,Q14,Q15,Q16,Q17,Q22,Q23,Q21)*'Исходные данные'!$D$23 -> 1657044.4 | R20: =SUM(R11,R14,R15,R16,R17,R22,R23,R21)*'Исходные данные'!$D$23 -> 1350377.7 | S20: =SUM(S11,S14,S15,S16,S17,S22,S23,S21)*'Исходные данные'!$D$23 -> 1350377.7 | ... BS20: =SUM(BS11,BS14,BS15,BS16,BS17,BS22,BS23,BS21)*'Исходные данные'!$D$23 -> 1307107.9
A21: =SUM(F21:BX21) -> 6.44e+08 | B21: =A21=E21 -> TRUE | C21: Налог на прибыль | D21: руб | E21: =Вертикаль!C21 -> 6.44e+08 | BT21: =(SUM(F8:BS8)-SUM(F11:BS11,F14:BS14,F15:BS15,F16:BS16,F17:BS17,F18:BS18,F19:BS19,F20:BS20,F22:BS22,F23:BS23))*'Исходные данные'!$D$24*'Исходные данные'!$D$32 -> 4.9139385e+08 | BU21: =(SUM(BT8)-SUM(BT11,BT14,BT15,BT16,BT17,BT18,BT19,BT20,BT22,BT23))*'Исходные данные'!$D$24*'Исходные данные'!$D$32 -> 26532334 | BV21: =(SUM(BU8)-SUM(BU11,BU14,BU15,BU16,BU17,BU18,BU19,BU20,BU22,BU23))*'Исходные данные'!$D$24*'Исходные данные'!$D$32 -> 31518454 | BW21: =(SUM(BV8)-SUM(BV11,BV14,BV15,BV16,BV17,BV18,BV19,BV20,BV22,BV23))*'Исходные данные'!$D$24*'Исходные данные'!$D$32 -> 31518454 | BX21: =(SUM(BW8:BX8)-SUM(BW11:BX11,BW14:BX14,BW15:BX15,BW16:BX16,BW17:BX17,BW18:BX18,BW19:BX19,BW20:BX20,BW22:BX22,BW23:BX23))*'Исходные данные'!$D$24*'Исходные данные'!$D$32 -> 63036907
A22: =SUM(F22:BX22) -> 71000000 | B22: =A22=E22 -> TRUE | C22: АХР и прочие, а именно: | D22: руб | E22: ='Исходные данные'!D4*'Исходные данные'!D18 -> 71000000 | F22: =$E$22/Флаги!$C$20*Флаги!F20 -> 1000000 | G22: =$E$22/Флаги!$C$20*Флаги!G20 -> 1000000 | H22: =$E$22/Флаги!$C$20*Флаги!H20 -> 1000000 | I22: =$E$22/Флаги!$C$20*Флаги!I20 -> 1000000 | J22: =$E$22/Флаги!$C$20*Флаги!J20 -> 1000000 | K22: =$E$22/Флаги!$C$20*Флаги!K20 -> 1000000 | L22: =$E$22/Флаги!$C$20*Флаги!L20 -> 1000000 | M22: =$E$22/Флаги!$C$20*Флаги!M20 -> 1000000 | ... BX22: =$E$22/Флаги!$C$20*Флаги!BX20 -> 1000000
A23: =SUM(F23:BX23) -> 289800000 | B23: =A23=E23 -> TRUE | C23: Непредвиденные | D23: руб | E23: =E8*'Исходные данные'!D6*'Исходные данные'!D17 -> 289800000 | F23: =$E$23/Флаги!$C$21*Флаги!F21 -> 0 | G23: =$E$23/Флаги!$C$21*Флаги!G21 -> 0 | H23: =$E$23/Флаги!$C$21*Флаги!H21 -> 0 | I23: =$E$23/Флаги!$C$21*Флаги!I21 -> 0 | J23: =$E$23/Флаги!$C$21*Флаги!J21 -> 0 | K23: =$E$23/Флаги!$C$21*Флаги!K21 -> 0 | L23: =$E$23/Флаги!$C$21*Флаги!L21 -> 4830000 | M23: =$E$23/Флаги!$C$21*Флаги!M21 -> 4830000 | ... BX23: =$E$23/Флаги!$C$21*Флаги!BX21 -> 0
A24: =SUM(F24:BX24) -> 3.2628777e+09 | B24: =A24=E24 -> TRUE | C24: Поступления минус Платежи | D24: руб | E24: =E8-E9 -> 3.2628777e+09 | F24: =F8-F9 -> -42707602 | G24: =G8-G9 -> -42707602 | H24: =H8-H9 -> -42707602 | I24: =I8-I9 -> -79374269 | J24: =J8-J9 -> -79374269 | K24: =K8-K9 -> -79374269 | L24: =L8-L9 -> -50036618 | ... BX24: =BX8-BX9 -> 1.2817232e+08
C25: Рентабельность продаж (прибыль/доход) | E25: =E24/E8 -> 0.25332902
C26: Рентабельность вложений (прибыль/себестоимость) | E26: =E24/E9 -> 0.33927797
C28: Сальдо проекта простое | D28: руб | E28: =SUM(F28:BX28) -> 3.2628777e+09 | F28: ='Вспомогательная табл помесячно'!F8-'Вспомогательная табл помесячно'!F9 -> -42707602 | G28: ='Вспомогательная табл помесячно'!G8-'Вспомогательная табл помесячно'!G9 -> -42707602 | H28: ='Вспомогательная табл помесячно'!H8-'Вспомогательная табл помесячно'!H9 -> -42707602 | I28: ='Вспомогательная табл помесячно'!I8-'Вспомогательная табл помесячно'!I9 -> -79374269 | J28: ='Вспомогательная табл помесячно'!J8-'Вспомогательная табл помесячно'!J9 -> -79374269 | K28: ='Вспомогательная табл помесячно'!K8-'Вспомогательная табл помесячно'!K9 -> -79374269 | L28: ='Вспомогательная табл помесячно'!L8-'Вспомогательная табл помесячно'!L9 -> -50036618 | M28: ='Вспомогательная табл помесячно'!M8-'Вспомогательная табл помесячно'!M9 -> 30792362 | ... BX28: ='Вспомогательная табл помесячно'!BX8-'Вспомогательная табл помесячно'!BX9 -> 1.2817232e+08
C29: Сальдо проекта простое нарастающим итогом | E29: =BX29 -> 3.2628777e+09 | F29: =F28 -> -42707602 | G29: =G28+F29 -> -85415205 | H29: =H28+G29 -> -1.2812281e+08 | I29: =I28+H29 -> -2.0749708e+08 | J29: =J28+I29 -> -2.8687135e+08 | K29: =K28+J29 -> -3.6624561e+08 | L29: =L28+K29 -> -4.1628223e+08 | M29: =M28+L29 -> -3.8548987e+08 | N29: =N28+M29 -> -3.5469751e+08 | ... BX29: =BX28+BW29 -> 3.2628777e+09
C30: Сроки возврата инвестиций | D30: мес | E30: =SUM(F30:BX30) -> 16 | F30: =IF(F29<0,1,0) -> 1 | G30: =IF(G29<0,1,0) -> 1 | H30: =IF(H29<0,1,0) -> 1 | I30: =IF(I29<0,1,0) -> 1 | J30: =IF(J29<0,1,0) -> 1 | K30: =IF(K29<0,1,0) -> 1 | L30: =IF(L29<0,1,0) -> 1 | M30: =IF(M29<0,1,0) -> 1 | ... BX30: =IF(BX29<0,1,0) -> 0
C31: Сальдо собственного капитала | D31: руб | E31: =SUM(F31:BX31) -> 3.2628777e+09 | F31: ='Вспомогательная табл помесячно'!F8-'Вспомогательная табл помесячно'!F9 -> -42707602 | G31: ='Вспомогательная табл помесячно'!G8-'Вспомогательная табл помесячно'!G9 -> -42707602 | H31: ='Вспомогательная табл помесячно'!H8-'Вспомогательная табл помесячно'!H9 -> -42707602 | I31: ='Вспомогательная табл помесячно'!I8-'Вспомогательная табл помесячно'!I9 -> -79374269 | J31: ='Вспомогательная табл помесячно'!J8-'Вспомогательная табл помесячно'!J9 -> -79374269 | K31: ='Вспомогательная табл помесячно'!K8-'Вспомогательная табл помесячно'!K9 -> -79374269 | L31: 0 | M31: 0 | N31: 0 | O31: 0 | P31: 0 | Q31: 0 | R31: 0 | S31: 0 | T31: 0 | U31: 0 | V31: 0 | W31: 0 | X31: 0 | Y31: 0 | Z31: 0 | AA31: 0 | AB31: 0 | AC31: 0 | AD31: 0 | AE31: 0 | AF31: 0 | AG31: 0 | AH31: 0 | AI31: 0 | AJ31: 0 | AK31: 0 | AL31: 0 | AM31: 0 | AN31: 0 | AO31: 0 | AP31: 0 | AQ31: 0 | AR31: 0 | AS31: 0 | AT31: 0 | AU31: 0 | AV31: 0 | AW31: 0 | AX31: 0 | AY31: 0 | AZ31: 0 | BA31: 0 | BB31: 0 | BC31: 0 | BD31: 0 | BE31: 0 | BF31: 0 | BG31: 0 | BH31: 0 | BI31: 0 | BJ31: 0 | BK31: 0 | BL31: 0 | BM31: 0 | BN31: 0 | BO31: 0 | BP31: 0 | BQ31: 0 | BR31: 0 | BS31: 0 | BT31: =SUM('Вспомогательная табл помесячно'!L8:BT8)-SUM('Вспомогательная табл помесячно'!L9:BT9) -> 3.0168926e+09 | BU31: ='Вспомогательная табл помесячно'!BU8-'Вспомогательная табл помесячно'!BU9 -> 1.646769e+08 | BV31: ='Вспомогательная табл помесячно'!BV8-'Вспомогательная табл помесячно'!BV9 -> 1.5969078e+08 | BW31: ='Вспомогательная табл помесячно'!BW8-'Вспомогательная табл помесячно'!BW9 -> 1.5969078e+08 | BX31: ='Вспомогательная табл помесячно'!BX8-'Вспомогательная табл помесячно'!BX9 -> 1.2817232e+08
C32: Сальдо собственного капитала нарастающим итогом | D32: руб | E32: =BX32 -> 3.2628777e+09 | F32: =F31 -> -42707602 | G32: =G31+F32 -> -85415205 | H32: =H31+G32 -> -1.2812281e+08 | I32: =I31+H32 -> -2.0749708e+08 | J32: =J31+I32 -> -2.8687135e+08 | K32: =K31+J32 -> -3.6624561e+08 | L32: =L31+K32 -> -3.6624561e+08 | M32: =M31+L32 -> -3.6624561e+08 | N32: =N31+M32 -> -3.6624561e+08 | ... BX32: =BX31+BW32 -> 3.2628777e+09
C33: Сроки возврата инвестиций (собственный капитал) | D33: мес | E33: =SUM(F33:BX33) -> 66 | F33: =IF(F32<0,1,0) -> 1 | G33: =IF(G32<0,1,0) -> 1 | H33: =IF(H32<0,1,0) -> 1 | I33: =IF(I32<0,1,0) -> 1 | J33: =IF(J32<0,1,0) -> 1 | K33: =IF(K32<0,1,0) -> 1 | L33: =IF(L32<0,1,0) -> 1 | M33: =IF(M32<0,1,0) -> 1 | ... BX33: =IF(BX32<0,1,0) -> 0

Sheet Расчёт ставки Банка для кредита
A3: % ставки | B3: значения % ставок
A4: I(i) базовая | B4: 18 | C4: КС ЦБ + 2 п.п.
A5: I(v) специальная | B5: 6
A6: минимальная | B6: 1
B8: F счета эскроу | C8: К ссуда | D8: I % ставка по КД | E8: I % ставка по КД
B9: 0 | C9: 100 | D9: =(B9*$B$5+(C9-B9)*$B$4)/C9 -> 18 | E9: =IF(D9<1,1,D9) -> 18
B10: 5 | C10: 100 | D10: =(B10*$B$5+(C10-B10)*$B$4)/C10 -> 17.4 | E10: =IF(D10<1,1,D10) -> 17.4
B11: 10 | C11: 100 | D11: =(B11*$B$5+(C11-B11)*$B$4)/C11 -> 16.8 | E11: =IF(D11<1,1,D11) -> 16.8
B12: 20 | C12: 100 | D12: =(B12*$B$5+(C12-B12)*$B$4)/C12 -> 15.6 | E12: =IF(D12<1,1,D12) -> 15.6
B13: 30 | C13: 100 | D13: =(B13*$B$5+(C13-B13)*$B$4)/C13 -> 14.4 | E13: =IF(D13<1,1,D13) -> 14.4
B14: 40 | C14: 100 | D14: =(B14*$B$5+(C14-B14)*$B$4)/C14 -> 13.2 | E14: =IF(D14<1,1,D14) -> 13.2
B15: =B14+10 -> 50 | C15: 100 | D15: =(B15*$B$5+(C15-B15)*$B$4)/C15 -> 12 | E15: =IF(D15<1,1,D15) -> 12
B16: =B15+10 -> 60 | C16: 100 | D16: =(B16*$B$5+(C16-B16)*$B$4)/C16 -> 10.8 | E16: =IF(D16<1,1,D16) -> 10.8
B17: 70 | C17: 100 | D17: =(B17*$B$5+(C17-B17)*$B$4)/C17 -> 9.6 | E17: =IF(D17<1,1,D17) -> 9.6
B18: =B17+10 -> 80 | C18: 100 | D18: =(B18*$B$5+(C18-B18)*$B$4)/C18 -> 8.4 | E18: =IF(D18<1,1,D18) -> 8.4
B19: =B18+10 -> 90 | C19: 100 | D19: =(B19*$B$5+(C19-B19)*$B$4)/C19 -> 7.2 | E19: =IF(D19<1,1,D19) -> 7.2
B20: =B19+10 -> 100 | C20: 100 | D20: =(B20*$B$5+(C20-B20)*$B$4)/C20 -> 6 | E20: =IF(D20<1,1,D20) -> 6
B21: =B20+10 -> 110 | C21: 100 | D21: =(B21*$B$5+(C21-B21)*$B$4)/C21 -> 4.8 | E21: =IF(D21<1,1,D21) -> 4.8
B22: =B21+10 -> 120 | C22: 100 | D22: =(B22*$B$5+(C22-B22)*$B$4)/C22 -> 3.6 | E22: =IF(D22<1,1,D22) -> 3.6
B23: =B22+10 -> 130 | C23: 100 | D23: =(B23*$B$5+(C23-B23)*$B$4)/C23 -> 2.4 | E23: =IF(D23<1,1,D23) -> 2.4
B24: =B23+10 -> 140 | C24: 100 | D24: =(B24*$B$5+(C24-B24)*$B$4)/C24 -> 1.2 | E24: =IF(D24<1,1,D24) -> 1.2
B25: =B24+10 -> 150 | C25: 100 | D25: =(B25*$B$5+(C25-B25)*$B$4)/C25 -> 0 | E25: =IF(D25<1,1,D25) -> 1
B26: =B25+10 -> 160 | C26: 100 | D26: =(B26*$B$5+(C26-B26)*$B$4)/C26 -> -1.2 | E26: =IF(D26<1,1,D26) -> 1
B27: =B26+10 -> 170 | C27: 100 | D27: =(B27*$B$5+(C27-B27)*$B$4)/C27 -> -2.4 | E27: =IF(D27<1,1,D27) -> 1
B28: =B27+10 -> 180 | C28: 100 | D28: =(B28*$B$5+(C28-B28)*$B$4)/C28 -> -3.6 | E28: =IF(D28<1,1,D28) -> 1
B29: =B28+10 -> 190 | C29: 100 | D29: =(B29*$B$5+(C29-B29)*$B$4)/C29 -> -4.8 | E29: =IF(D29<1,1,D29) -> 1
B30: =B29+10 -> 200 | C30: 100 | D30: =(B30*$B$5+(C30-B30)*$B$4)/C30 -> -6 | E30: =IF(D30<1,1,D30) -> 1
B33: 100 | C33: 101 | D33: 102 | E33: 103 | F33: 104 | G33: 105 | H33: 106 | I33: 107 | J33: 108 | K33: 109 | L33: 110 | M33: 111 | N33: 112 | O33: 113 | P33: 114 | Q33: 115 | R33: 116 | S33: 117 | T33: 118 | U33: 119 | V33: 120 | W33: 121 | X33: 122 | Y33: 123 | Z33: 124 | AA33: 125 | AB33: 126 | AC33: 127 | AD33: 128 | AE33: 129 | AF33: 130 | AG33: 131 | AH33: 132 | AI33: 133 | AJ33: 134 | AK33: 135 | AL33: 136 | AM33: 137 | AN33: 138 | AO33: 139 | AP33: 140 | AQ33: 141 | AR33: 142 | AS33: 143 | AT33: 144 | AU33: 145 | AV33: 146 | AW33: 147 | AX33: 148 | AY33: 149 | AZ33: 150 | BA33: 151 | BB33: 152 | BC33: 153 | BD33: 154 | BE33: 155 | BF33: 156 | BG33: 157 | BH33: 158 | BI33: 159 | BJ33: 160
B34: =E19 -> 7.2 | C34: =$E$20 -> 6 | D34: =$E$20 -> 6 | E34: =$E$20 -> 6 | F34: =$E$20 -> 6 | G34: =$E$20 -> 6 | H34: =$E$20 -> 6 | I34: =$E$20 -> 6 | J34: =$E$20 -> 6 | ... L34: =$E$20 -> 6 | M34: =$E$21 -> 4.8 | N34: =$E$21 -> 4.8 | O34: =$E$21 -> 4.8 | P34: =$E$21 -> 4.8 | Q34: =$E$21 -> 4.8 | R34: =$E$21 -> 4.8 | S34: =$E$21 -> 4.8 | T34: =$E$21 -> 4.8 | ... V34: =$E$21 -> 4.8 | W34: =$E$22 -> 3.6 | X34: =$E$22 -> 3.6 | Y34: =$E$22 -> 3.6 | Z34: =$E$22 -> 3.6 | AA34: =$E$22 -> 3.6 | AB34: =$E$22 -> 3.6 | AC34: =$E$22 -> 3.6 | AD34: =$E$22 -> 3.6 | ... AF34: =$E$22 -> 3.6 | AG34: =$E$23 -> 2.4 | AH34: =$E$23 -> 2.4 | AI34: =$E$23 -> 2.4 | AJ34: =$E$23 -> 2.4 | AK34: =$E$23 -> 2.4 | AL34: =$E$23 -> 2.4 | AM34: =$E$23 -> 2.4 | AN34: =$E$23 -> 2.4 | ... AP34: =$E$23 -> 2.4 | AQ34: =$E$24 -> 1.2 | AR34: =$E$24 -> 1.2 | AS34: =$E$24 -> 1.2 | AT34: =$E$24 -> 1.2 | AU34: =$E$24 -> 1.2 | AV34: =$E$24 -> 1.2 | AW34: =$E$24 -> 1.2 | AX34: =$E$24 -> 1.2 | ... AZ34: =$E$24 -> 1.2 | BA34: =$E$25 -> 1 | BB34: =$E$25 -> 1 | BC34: =$E$25 -> 1 | BD34: =$E$25 -> 1 | BE34: =$E$25 -> 1 | BF34: =$E$25 -> 1 | BG34: =$E$25 -> 1 | BH34: =$E$25 -> 1 | ... BJ34: =$E$25 -> 1

Sheet Флаги
A4: ФЛАГИ
A6: % от дохода | B6: Наименование | C6: Всего | D6: Если есть разделение на периоды, то: Доля от общей суммы в первом периоде | E6: Если есть разделение на периоды, то: Доля от общей суммы во втором периоде
F7: 1 | G7: 2 | H7: 3 | I7: 4 | J7: 5 | K7: 6 | L7: 7 | M7: 8 | N7: 9 | O7: 10 | P7: 11 | Q7: 12 | R7: 13 | S7: 14 | T7: 15 | U7: 16 | V7: 17 | W7: 18 | X7: 19 | Y7: 20 | Z7: 21 | AA7: 22 | AB7: 23 | AC7: 24 | AD7: 25 | AE7: 26 | AF7: 27 | AG7: 28 | AH7: 29 | AI7: 30 | AJ7: 31 | AK7: 32 | AL7: 33 | AM7: 34 | AN7: 35 | AO7: 36 | AP7: 37 | AQ7: 38 | AR7: 39 | AS7: 40 | AT7: 41 | AU7: 42 | AV7: 43 | AW7: 44 | AX7: 45 | AY7: 46 | AZ7: 47 | BA7: 48 | BB7: 49 | BC7: 50 | BD7: 51 | BE7: 52 | BF7: 53 | BG7: 54 | BH7: 55 | BI7: 56 | BJ7: 57 | BK7: 58 | BL7: 59 | BM7: 60 | BN7: 61 | BO7: 62 | BP7: 63 | BQ7: 64 | BR7: 65 | BS7: 66 | BT7: 67 | BU7: 68 | BV7: 69 | BW7: 70 | BX7: 71
A8: =C8/$C$8 -> 1 | B8: Доход от 1 м2 полезной площади | C8: =SUM(F8:BX8) -> 65 | D8: =C8/ТЭП!$D$5 -> 0.00065 | E8: =C8/ТЭП!$D$10 -> 0.00070652174 | L8: 1 | M8: 1 | N8: 1 | O8: 1 | P8: 1 | Q8: 1 | R8: 1 | S8: 1 | T8: 1 | U8: 1 | V8: 1 | W8: 1 | X8: 1 | Y8: 1 | Z8: 1 | AA8: 1 | AB8: 1 | AC8: 1 | AD8: 1 | AE8: 1 | AF8: 1 | AG8: 1 | AH8: 1 | AI8: 1 | AJ8: 1 | AK8: 1 | AL8: 1 | AM8: 1 | AN8: 1 | AO8: 1 | AP8: 1 | AQ8: 1 | AR8: 1 | AS8: 1 | AT8: 1 | AU8: 1 | AV8: 1 | AW8: 1 | AX8: 1 | AY8: 1 | AZ8: 1 | BA8: 1 | BB8: 1 | BC8: 1 | BD8: 1 | BE8: 1 | BF8: 1 | BG8: 1 | BH8: 1 | BI8: 1 | BJ8: 1 | BK8: 1 | BL8: 1 | BM8: 1 | BN8: 1 | BO8: 1 | BP8: 1 | BQ8: 1 | BR8: 1 | BS8: 1 | BT8: 1 | BU8: 1 | BV8: 1 | BW8: 1 | BX8: 1
A9: =C9/$C$8 -> 0 | B9: Себестоимость 1 м2 полезной площади, а именно: | C9: =SUM(F9:BX9) -> 0 | E9: =E10+E14+E15+E16+E18+E19+E20+E21+E11+E17 -> 0.50215217
A10: =C10/$C$8 -> 0 | B10: Земля | C10: =SUM(F10:BX10) -> 0 | D10: =C10/ТЭП!$D$5 -> 0 | E10: =C10/ТЭП!$D$10 -> 0
A11: =C11/$C$8 -> 0 | B11: Маркетинг+Риелторские, а именно: | C11: =SUM(F11:BX11) -> 0 | E11: =C11/ТЭП!$D$10 -> 0
A12: =C12/$C$8 -> 0 | B12: Риелторские | C12: =SUM(F12:BX12) -> 0 | D12: =C12/ТЭП!$D$5 -> 0 | E12: =C12/ТЭП!$D$10 -> 0
A13: =C13/$C$8 -> 1.0153846 | B13: Маркетинг | C13: =SUM(F13:BX13) -> 66 | D13: 0.5 | E13: 0.5 | F13: 1 | G13: 1 | H13: 1 | I13: 1 | J13: 1 | K13: 1 | L13: 1 | M13: 1 | N13: 1 | O13: 1 | P13: 1 | Q13: 1 | R13: 1 | S13: 1 | T13: 1 | U13: 1 | V13: 1 | W13: 1 | X13: 1 | Y13: 1 | Z13: 1 | AA13: 1 | AB13: 1 | AC13: 1 | AD13: 1 | AE13: 1 | AF13: 1 | AG13: 1 | AH13: 1 | AI13: 1 | AJ13: 1 | AK13: 1 | AL13: 1 | AM13: 1 | AN13: 1 | AO13: 1 | AP13: 1 | AQ13: 1 | AR13: 1 | AS13: 1 | AT13: 1 | AU13: 1 | AV13: 1 | AW13: 1 | AX13: 1 | AY13: 1 | AZ13: 1 | BA13: 1 | BB13: 1 | BC13: 1 | BD13: 1 | BE13: 1 | BF13: 1 | BG13: 1 | BH13: 1 | BI13: 1 | BJ13: 1 | BK13: 1 | BL13: 1 | BM13: 1 | BN13: 1 | BO13: 1 | BP13: 1 | BQ13: 1 | BR13: 1 | BS13: 1
A14: =C14/$C$8 -> 0.092307692 | B14: ПиР | C14: =SUM(F14:BX14) -> 6 | D14: =C14/ТЭП!$D$5 -> 6e-05 | E14: =C14/ТЭП!$D$10 -> 6.5217391e-05 | F14: 1 | G14: 1 | H14: 1 | I14: 1 | J14: 1 | K14: 1
A15: =C15/$C$8 -> 0 | B15: Подготовительные к СМР | C15: =SUM(F15:BX15) -> 0 | D15: =C15/ТЭП!$D$5 -> 0 | E15: =C15/ТЭП!$D$10 -> 0
A16: =C16/$C$8 -> 0.92307692 | B16: СМР | C16: =SUM(F16:BX16) -> 60 | D16: =C16/ТЭП!$D$5 -> 0.0006 | E16: =C16/ТЭП!$D$10 -> 0.00065217391 | L16: 1 | M16: 1 | N16: 1 | O16: 1 | P16: 1 | Q16: 1 | R16: 1 | S16: 1 | T16: 1 | U16: 1 | V16: 1 | W16: 1 | X16: 1 | Y16: 1 | Z16: 1 | AA16: 1 | AB16: 1 | AC16: 1 | AD16: 1 | AE16: 1 | AF16: 1 | AG16: 1 | AH16: 1 | AI16: 1 | AJ16: 1 | AK16: 1 | AL16: 1 | AM16: 1 | AN16: 1 | AO16: 1 | AP16: 1 | AQ16: 1 | AR16: 1 | AS16: 1 | AT16: 1 | AU16: 1 | AV16: 1 | AW16: 1 | AX16: 1 | AY16: 1 | AZ16: 1 | BA16: 1 | BB16: 1 | BC16: 1 | BD16: 1 | BE16: 1 | BF16: 1 | BG16: 1 | BH16: 1 | BI16: 1 | BJ16: 1 | BK16: 1 | BL16: 1 | BM16: 1 | BN16: 1 | BO16: 1 | BP16: 1 | BQ16: 1 | BR16: 1 | BS16: 1
A17: =C17/$C$8 -> 0.98461538 | B17: Сети, дороги и благоустройство | C17: =SUM(F17:BX17) -> 64 | D17: 0.5 | E17: 0.5 | I17: 1 | J17: 1 | K17: 1 | L17: 1 | M17: 1 | N17: 1 | O17: 1 | P17: 1 | Q17: 1 | R17: 1 | S17: 1 | T17: 1 | U17: 1 | V17: 1 | W17: 1 | X17: 1 | Y17: 1 | Z17: 1 | AA17: 1 | AB17: 1 | AC17: 1 | AD17: 1 | AE17: 1 | AF17: 1 | AG17: 1 | AH17: 1 | AI17: 1 | AJ17: 1 | AK17: 1 | AL17: 1 | AM17: 1 | AN17: 1 | AO17: 1 | AP17: 1 | AQ17: 1 | AR17: 1 | AS17: 1 | AT17: 1 | AU17: 1 | AV17: 1 | AW17: 1 | AX17: 1 | AY17: 1 | AZ17: 1 | BA17: 1 | BB17: 1 | BC17: 1 | BD17: 1 | BE17: 1 | BF17: 1 | BG17: 1 | BH17: 1 | BI17: 1 | BJ17: 1 | BK17: 1 | BL17: 1 | BM17: 1 | BN17: 1 | BO17: 1 | BP17: 1 | BQ17: 1 | BR17: 1 | BS17: 1 | BT17: 1
A18: =C18/$C$8 -> 0 | B18: Проценты банку + другие платежи банку | C18: =SUM(F18:BX18) -> 0 | D18: =C18/ТЭП!$D$5 -> 0 | E18: =C18/ТЭП!$D$10 -> 0
A19: =C19/$C$8 -> 0.015384615 | B19: Налоги | C19: =SUM(F19:BX19) -> 1 | D19: =C19/ТЭП!$D$5 -> 1e-05 | E19: =C19/ТЭП!$D$10 -> 1.0869565e-05 | BT19: 1
A20: =C20/$C$8 -> 1.0923077 | B20: АХР и прочие, а именно: | C20: =SUM(F20:BX20) -> 71 | D20: =C20/ТЭП!$D$5 -> 0.00071 | E20: =C20/ТЭП!$D$10 -> 0.00077173913 | F20: 1 | G20: 1 | H20: 1 | I20: 1 | J20: 1 | K20: 1 | L20: 1 | M20: 1 | N20: 1 | O20: 1 | P20: 1 | Q20: 1 | R20: 1 | S20: 1 | T20: 1 | U20: 1 | V20: 1 | W20: 1 | X20: 1 | Y20: 1 | Z20: 1 | AA20: 1 | AB20: 1 | AC20: 1 | AD20: 1 | AE20: 1 | AF20: 1 | AG20: 1 | AH20: 1 | AI20: 1 | AJ20: 1 | AK20: 1 | AL20: 1 | AM20: 1 | AN20: 1 | AO20: 1 | AP20: 1 | AQ20: 1 | AR20: 1 | AS20: 1 | AT20: 1 | AU20: 1 | AV20: 1 | AW20: 1 | AX20: 1 | AY20: 1 | AZ20: 1 | BA20: 1 | BB20: 1 | BC20: 1 | BD20: 1 | BE20: 1 | BF20: 1 | BG20: 1 | BH20: 1 | BI20: 1 | BJ20: 1 | BK20: 1 | BL20: 1 | BM20: 1 | BN20: 1 | BO20: 1 | BP20: 1 | BQ20: 1 | BR20: 1 | BS20: 1 | BT20: 1 | BU20: 1 | BV20: 1 | BW20: 1 | BX20: 1
A21: =C21/$C$8 -> 0.92307692 | B21: Непредвиденные | C21: =SUM(F21:BX21) -> 60 | D21: =C21/ТЭП!$D$5 -> 0.0006 | E21: =C21/ТЭП!$D$10 -> 0.00065217391 | L21: 1 | M21: 1 | N21: 1 | O21: 1 | P21: 1 | Q21: 1 | R21: 1 | S21: 1 | T21: 1 | U21: 1 | V21: 1 | W21: 1 | X21: 1 | Y21: 1 | Z21: 1 | AA21: 1 | AB21: 1 | AC21: 1 | AD21: 1 | AE21: 1 | AF21: 1 | AG21: 1 | AH21: 1 | AI21: 1 | AJ21: 1 | AK21: 1 | AL21: 1 | AM21: 1 | AN21: 1 | AO21: 1 | AP21: 1 | AQ21: 1 | AR21: 1 | AS21: 1 | AT21: 1 | AU21: 1 | AV21: 1 | AW21: 1 | AX21: 1 | AY21: 1 | AZ21: 1 | BA21: 1 | BB21: 1 | BC21: 1 | BD21: 1 | BE21: 1 | BF21: 1 | BG21: 1 | BH21: 1 | BI21: 1 | BJ21: 1 | BK21: 1 | BL21: 1 | BM21: 1 | BN21: 1 | BO21: 1 | BP21: 1 | BQ21: 1 | BR21: 1 | BS21: 1
